 Dungeon Crawl Stone Soup version 0.32-a0-656-g3542139 (webtiles) character file.

Game seed: 11839625524798559644

15945452 december12 the Archmage (level 27, 249/249 HPs)
             Began as a Barachi Artificer on Mar 8, 2024.
             Was the Champion of Wu Jian.
             Escaped with the Orb
             ... and 15 runes!
             The game lasted 04:42:35 (98305 turns).

december12 the Archmage (Barachi Artificer)        Turns: 98305, Time: 04:42:36

Health: 249/249    AC: 37    Str: 22    XL:     27
Magic:  54/54      EV: 26    Int: 25    God:    Wu Jian [******]
Gold:   2245       SH:  5    Dex: 18    Spells: 1/80 levels left

rFire   + + +        a - +6 sword of Cerebov {flame}
rCold   + + +        (shield currently unavailable)
rNeg    + + +        d - +1 pearl dragon scales of Fortification {rN+ Will++ Int+3}
rPois   ∞            P - +2 helmet of Submission {rF+ rC+ Dex+4, !d}
rElec   +            R - +1 cloak of Lethargy {rElec Regen+ Str+2 Dex-2}
rCorr   +            M - +2 pair of gloves {Str+3}
SInv    +            q - +0 pair of boots "Ahevoshru" {rC+ Int+3}
Will    +++++        A - amulet of Tuhagy {Reflect rF+ Regen+ SH+5} Stlth
                     B - ring "Xyodgh" {rPois rF+ rN+ rCorr SInv}
HPRegen 3.01/turn    F - ring "Gify" {rPois rC+ rN+ Will+}
MPRegen 0.34/turn

%: reflection, clarity
@: death-form, studying 6 skills, slow
A: vile attack, torment immunity, no potions, amphibious, slowness 1, strong
legs 2, +LOS, clarity, deterioration 1, dopey 1, sense surroundings 1,
regeneration 1, strong 1, evolution 1, MP-powered wands
0: Orb of Zot
}: 15/15 runes: serpentine, barnacled, slimy, silver, golden, iron, obsidian,
icy, bone, abyssal, demonic, glowing, magical, fiery, dark
a: Hop, Siphon Essence, Begin Untransformation, Renounce Religion, Wall Jump,
Serpent's Lash, Heavenly Storm


You escaped.
You worshipped Wu Jian.
Wu Jian was exalted by your worship.
You were an undying horror.
You visited 18 branches of the dungeon, and saw 87 of its levels.
You visited Pandemonium 1 time, and saw 14 of its levels.
You visited the Abyss 2 times.
You visited 1 bazaar.
You completed 1 ziggurat, and saw 27 of its levels.
You also visited: Trove, Ice Cave and Wizlab.

You collected 11590 gold pieces.
You spent 9345 gold pieces at shops.

Inventory:

Hand Weapons
 a - the +6 sword of Cerebov (weapon) {flame}
   (You took it off Cerebov in Pandemonium)
 b - a +9 great sword of protection
Missiles
 l - 4 curare-tipped darts
 Z - 4 throwing nets (quivered) {!f}
Armour
 d - the +1 pearl dragon scales of Fortification (worn) {rN+ Will++ Int+3}
   (You found it on level 26 of a ziggurat)

   Int+3:     It affects your intelligence (+3).
   rN+:       It protects you from negative energy.
   Will++:    It greatly increases your willpower.
 o - +8 fire dragon scales
 q - the +0 pair of boots "Ahevoshru" (worn) {rC+ Int+3}
   (You found it on level 5 of the Pits of Slime)

   Int+3:     It affects your intelligence (+3).
   rC+:       It protects you from cold.
 M - a +2 pair of gloves of strength (worn)
 P - the +2 helmet of Submission (worn) {rF+ rC+ Dex+4, !d}
   (You bought it in a shop on level 2 of the Orcish Mines)

   Dex+4:     It affects your dexterity (+4).
   rF+:       It protects you from fire.
   rC+:       It protects you from cold.
 R - the +1 cloak of Lethargy (worn) {rElec Regen+ Str+2 Dex-2}
   (You bought it in a shop in a bazaar)

   Str+2:     It affects your strength (+2).
   Dex-2:     It affects your dexterity (-2).
   rElec:     It insulates you from electricity.
   Regen+:    It increases your rate of health regeneration.
Jewellery
 c - the ring "Tathrior" {*Corrode rF+ rN+ Will+ Str+6}
   (You found it in a treasure trove)

   [ring of strength]

   Str+6:     It affects your strength (+6).
   rF+:       It protects you from fire.
   rN+:       It protects you from negative energy.
   Will+:     It increases your willpower.
   *Corrode:  It may corrode you when you take damage.
 A - the amulet of Tuhagy (around neck) {Reflect rF+ Regen+ SH+5}
   (You found it on level 18 of a ziggurat)

   [amulet of reflection]

   Reflect:   It reflects blocked missile attacks.
   rF+:       It protects you from fire.
   Regen+:    It increases your rate of health regeneration.
   SH+5:      It affects your SH (+5).
 B - the ring "Xyodgh" (left hand) {rPois rF+ rN+ rCorr SInv}
   (You found it on level 26 of a ziggurat)

   [ring of resist corrosion]

   rF+:       It protects you from fire.
   rPois:     It protects you from poison.
   rN+:       It protects you from negative energy.
   SInv:      It lets you see invisible.
   rCorr:     It protects you from acid and corrosion.
 C - the ring of Rationality {Wiz rElec rC+ Dex+3 Stlth+}
   (You found it on level 5 of the Vaults)

   [ring of wizardry]

   Wiz:       It improves your spell success rate.
   Dex+3:     It affects your dexterity (+3).
   rC+:       It protects you from cold.
   rElec:     It insulates you from electricity.
   Stlth+:    It makes you more stealthy.
 F - the ring "Gify" (right hand) {rPois rC+ rN+ Will+}
   (You found it on level 7 of the Iron City of Dis)

   [ring of willpower]

   rC+:       It protects you from cold.
   rPois:     It protects you from poison.
   rN+:       It protects you from negative energy.
   Will+:     It increases your willpower.
 N - the amulet of the Four Winds {rN+ Will+++ Clar}
   (You took it off a deep elf zephyrmancer on level 3 of the Elven Halls)

   [amulet of nothing]

   rN+:       It protects you from negative energy.
   Will+++:   It greatly increases your willpower.
   Clar:      It protects you from confusion, rage, mesmerisation and fear.
Talismans
 f - a granite talisman
 x - a talisman of death (active)
Wands
 I - a wand of light (84)
 L - a wand of roots (152)
 S - a wand of charming (82)
 V - a wand of digging (24)
Scrolls
 g - 4 scrolls of revelation
 j - 7 scrolls of blinking {!d}
 n - 40 scrolls of teleportation {!r !d}
 r - 5 scrolls of enchant armour
 t - 12 scrolls of fog
 y - 12 scrolls of enchant weapon
 E - 6 scrolls of amnesia
 G - 6 scrolls of immolation
Potions
 e - 24 potions of curing
 h - 11 potions of ambrosia
 i - 2 potions of magic
 m - 12 potions of attraction
 p - 7 potions of might
 u - 8 potions of cancellation
 v - a potion of haste
 z - 8 potions of enlightenment
 D - 13 potions of heal wounds
 O - a potion of resistance
 W - 13 potions of mutation
 Y - 3 potions of brilliance
Miscellaneous
 k - a phantom mirror
 w - a lightning rod (4/4)
 J - a condenser vane
 Q - a sack of spiders
 T - 2 +1 figurines of a ziggurat
 U - a phial of floods


   Skills:
 O Level 27 Fighting
 O Level 27 Long Blades
 O Level 27 Armour
 O Level 27 Dodging
 - Level 0.8 Stealth
 O Level 27 Spellcasting
 - Level 6.0 Conjurations
 - Level 25.0 Hexes
 - Level 12.0 Translocations
 O Level 27 Ice Magic
 - Level 25.0 Air Magic
 - Level 9.0 Earth Magic
 - Level 7.0 Alchemy
 + Level 19.6 Evocations
 O Level 27 Shapeshifting


You had one spell level left.
You knew the following spells:

 Your Spells              Type           Power      Damage    Failure   Level
a - Polar Vortex          Ice            53%        12d7*     2%          9
b - Summon Mana Viper     Hex/Summ       77%        N/A       1%          5
c - Vhi's Electric Charg  Tloc/Air       100%       N/A       0%          4
d - Discord               Hex            51%        N/A       1%          8
e - Ozocubu's Refrigerat  Ice            53%        4d19      1%          7
f - Manifold Assault      Tloc           76%        N/A       1%          4
g - Enfeeble              Hex            51%        N/A       1%          7
h - Lee's Rapid Deconstr  Erth           34%        3d17*     1%          5
i - Maxwell's Capacitive  Air            51%        ∞         1%          8
o - Passwall              Erth           68%        N/A       1%          3
p - Passage of Golubria   Tloc           76%        N/A       1%          4
r - Irradiate             Conj/Alch      30%        3d21      2%          5
v - Blink                 Tloc           100%       N/A       0%          2
y - Yara's Violent Unrav  Hex/Alch       42%        3d17      1%          5
z - Apportation           Tloc           100%       N/A       0%          1
W - Lesser Beckoning      Tloc           100%       N/A       0%          2

Your spell library contained the following spells:

 Spells                   Type           Power      Damage    Failure   Level
 Freeze                   Ice            100%       1d10      0%          1
 Shock                    Conj/Air       100%       1d9       0%          1
 Slow                     Hex            100%       N/A       0%          1
 Foxfire                  Conj/Fire      100%       2x1d9     1%          1
 Kiss of Death            Conj/Necr      100%       2d13      1%          1
 Magic Dart               Conj           100%       1d8       1%          1
 Necrotise                Necr           100%       1d9       1%          1
 Sandblast                Erth           100%       2d20      1%          1
 Sting                    Conj/Alch      100%       1d9       1%          1
 Summon Small Mammal      Summ           100%       N/A       1%          1
 Ensorcelled Hibernation  Hex/Ice        100%       N/A       0%          2
 Jinxbite                 Hex            100%       N/A       0%          2
 Mercury Vapours          Alch/Air       100%       N/A       0%          2
 Static Discharge         Conj/Air       100%       3-8/arc   0%          2
 Confusing Touch          Hex            100%       N/A       0%          3
 Dazzling Flash           Conj/Hex       100%       N/A       0%          3
 Frozen Ramparts          Ice            100%       1d16      0%          3
 Hailstorm                Conj/Ice       86%        3d14      0%          3
 Ozocubu's Armour         Ice            100%       N/A       0%          3
 Sigil of Binding         Hex            100%       N/A       0%          3
 Summon Ice Beast         Ice/Summ       79%        N/A       0%          3
 Swiftness                Air            100%       N/A       0%          3
 Tukima's Dance           Hex            100%       N/A       0%          3
 Airstrike                Air            51%        2d(8-24)  0%          4
 Cause Fear               Hex            51%        N/A       0%          4
 Dimensional Bullseye     Hex/Tloc       45%        N/A       0%          4
 Freezing Cloud           Conj/Ice/Air   46%        6-21      0%          5
 Metabolic Englaciation   Hex/Ice        52%        N/A       0%          5
 Silence                  Hex/Air        51%        N/A       0%          5
 Call Imp                 Summ           66%        N/A       1%          2
 Cigotuvi's Dreadful Rot  Necr/Alch/Air  100%       N/A       1%          2
 Momentum Strike          Conj/Tloc      100%       3d10      1%          2
 Scorch                   Fire           66%        2d7       1%          2
 Searing Ray              Conj           100%       2d8       1%          2
 Sublimation of Blood     Necr           33%        N/A       1%          2
 Gell's Gravitas          Tloc           76%        N/A       1%          3
 Inner Flame              Hex/Fire       77%        N/A       1%          3
 Mephitic Cloud           Conj/Alch/Air  77%        N/A       1%          3
 Stone Arrow              Conj/Erth      100%       3d13      1%          3
 Teleport Other           Tloc           76%        N/A       1%          3
 Volatile Blastmotes      Fire/Tloc      100%       2d18      1%          3
 Anguish                  Hex/Necr       38%        N/A       1%          4
 Brom's Barrelling Bould  Conj/Erth      63%        2d8       1%          4
 Fulminant Prism          Conj/Alch      30%        3d15      1%          4
 Iskenderun's Mystic Bla  Conj/Tloc      68%        2d14      1%          4
 Leda's Liquefaction      Alch/Erth      32%        N/A       1%          4
 Olgreb's Toxic Radiance  Alch           62%        N/A       1%          4
 Petrify                  Alch/Erth      65%        N/A       1%          4
 Summon Lightning Spire   Summ/Air       77%        N/A       1%          4
 Arcjolt                  Conj/Air       42%        1d52      1%          5
 Conjure Ball Lightning   Conj/Air       42%        3x3d15    1%          6
 Dispersal                Tloc           38%        N/A       1%          6
 Plasma Beam              Fire/Air       38%        2x1d52    1%          6
 Sculpt Simulacrum        Ice/Alch       43%        N/A       1%          6
 Animate Armour           Summ/Erth      100%       N/A       2%          4
 Alistair's Intoxication  Alch           41%        N/A       2%          5
 Ignite Poison            Fire/Alch      50%        N/A       3%          4
 Sticky Flame             Fire/Alch      50%        2d9       3%          4
 Iskenderun's Battlesphe  Conj           59%        2d11      3%          5
 Summon Forest            Summ/Tloc      29%        N/A       3%          5
 Call Canine Familiar     Summ           33%        N/A       4%          3
 Fugue of the Fallen      Necr           33%        N/A       4%          3
 Vampiric Draining        Necr           33%        2d8       4%          3
 Flame Wave               Conj/Fire      48%        2d12      4%          4
 Borgnjor's Vile Clutch   Necr/Erth      27%        N/A       6%          5
 Bombard                  Conj/Erth      31%        9d6       10%         6
 Fireball                 Conj/Fire      24%        3d11      11%         5
 Eringya's Noxious Bog    Alch           31%        4d6       12%         6
 Animate Dead             Necr           33%        N/A       14%         4
 Dispel Undead            Necr           33%        3d14      14%         4
 Martyr's Knell           Necr/Summ      33%        N/A       14%         4
 Summon Blazeheart Golem  Fire/Summ      33%        N/A       14%         4
 Curse of Agony           Necr           33%        N/A       36%         5
 Starburst                Conj/Fire      24%        6d8       52%         6
 Disjunction              Tloc           38%        N/A       54%         8
 Malign Gateway           Summ/Tloc      29%        N/A       69%         7
 Orb of Destruction       Conj           29%        9d9       69%         7
 Death Channel            Necr           16%        N/A       91%         6
 Summon Cactus Giant      Summ           16%        N/A       91%         6
 Chain Lightning          Conj/Air       42%        3d56      94%         9
 Spellforged Servitor     Conj/Summ      24%        N/A       98%         7
 Lehudib's Crystal Spear  Conj/Erth      31%        10d8      99%         8
 Haunt                    Necr/Summ      16%        N/A       100%        7
 Monstrous Menagerie      Summ           16%        N/A       100%        7
 Summon Hydra             Summ           16%        N/A       100%        7
 Borgnjor's Revivificati  Necr           16%        N/A       100%        8
 Ignition                 Fire           16%        3d7       100%        8
 Infestation              Necr           16%        N/A       100%        8
 Death's Door             Necr           16%        N/A       100%        9
 Dragon's Call            Summ           16%        N/A       100%        9
 Fire Storm               Conj/Fire      24%        8d6       100%        9
 Shatter                  Erth           34%        3d27*     100%        9


Dungeon Overview and Level Annotations

Branches:
Dungeon (15/15)            Temple (1/1) D:4            Lair (5/5) D:9
 Shoals (4/4) Lair:2        Snake (4/4) Lair:2        Slime (5/5) Lair:4
    Orc (2/2) D:11            Elf (3/3) Orc:2        Vaults (5/5) D:13
  Crypt (3/3) Vaults:3       Tomb (3/3) Crypt:3      Depths (4/4) D:15
   Hell (visited)             Dis (7/7) Hell            Geh (7/7) Hell
    Coc (7/7) Hell            Tar (7/7) Hell            Zot (5/5) Depths:4
  IceCv (visited)          WizLab (visited)

Altars:
Ashenzari
Cheibriados
Dithmenos
Elyvilon
Fedhas
Gozag
Hepliaklqana
Kikubaaqudgha
Makhleb
Nemelex Xobeh
Okawaru
Qazlal
Ru
Sif Muna
Trog
Uskayaw
Vehumet
Wu Jian
Xom
Yredelemnul
Zin
The Shining One
Beogh
Jiyva

Shops:
D:14 :   Orc:1 =   Orc:2 ([([[*([   Elf:1 :=:   Snake:4 [   Vaults:2 (
Vaults:5 !(   Depths:1 !!*   Depths:4 [

Portals:
Hell: Depths:1 Depths:2 Depths:3 Depths:4
Abyss: Depths:2 Depths:3
Pandemonium: Depths:2


Innate Abilities, Weirdness & Mutations

You are an undying horror.
Your melee and unarmed attacks drain, slow and weaken victims.
You are immune to unholy pain and torment.
You cannot drink.
You are immune to poison.
You are amphibious.
You cover ground slowly.
You can hop long distances.
You have an extended range of vision and can be seen from far away.
You possess an exceptional clarity of mind.
Your body sometimes deteriorates upon taking damage.
You are dopey. (Int -2)
You passively map a small area around you.
Your natural rate of healing is unusually fast.
Your muscles are strong. (Str +4, Int/Dex -1)
You have hidden genetic potential.
You expend magic power (3 MP) to strengthen your wands.


Message History

There are no items here.
Things that are here:
3 stones; a +0 club
Casting: Passwall (safe; 1% risk of failure)
Confirm with . or Enter, or press ? or * to list all spells.
Aiming: Passwall (safe; 1% risk of failure)
Press: ? - help, Dir - move target A rock wall.
This square is covered in magical glow.
You begin to meditate on the wall.
You continue meditating on the rock. x4
You finish merging with the rock.
You enter the deep water.
An Orb Guardian comes into view.
There is a staircase leading out of the dungeon here.
Unknown command.
Unknown command.
Unknown command.
The Orb Guardian splashes around in the water.
The Orb Guardian hits you but does no damage.
You hit the Orb Guardian.
The Orb Guardian decays.
You burn the Orb Guardian.
The sword of Cerebov burns away the Orb Guardian's fire resistance.
The Orb Guardian is lightly wounded.
The Orb Guardian barely misses you.
You slash the Orb Guardian!
The Orb Guardian decays.
You burn the Orb Guardian!
The Orb Guardian is moderately wounded.
You closely miss the Orb Guardian.
The Orb Guardian is moderately wounded.
The Orb Guardian completely misses you.
You slice the Orb Guardian like a ripe choko!!!
The Orb Guardian decays.
You burn the Orb Guardian!
You kill the Orb Guardian!
The Council accepts your kill.
No target in view!
No target in view!
You start putting on your armour.
You continue putting on the +1 pearl dragon scales of Fortification {rN+ Will++ Int+3}. x4
You finish putting on the +1 pearl dragon scales of Fortification {rN+ Will++ Int+3}.
You feel clever.
There is a staircase leading out of the dungeon here.
You have escaped!

#.....................####.#
####.######.............##.######
#.# ##...≈≈≈.≈≈≈............. ##
#.# #...≈≈....♣≈≈...#...####. .#
#.# #..≈≈....ß..≈≈.......# #. .#
#.# #.≈≈.........≈≈.#...## #.
.###.# #.≈.....♣.....≈.##.## #.
.....# ##.≈..ß.....♣..≈.##.# ##
.##### #..≈≈.♣..z.ß..≈≈.##.# .#
#...≈≈....♣..≈≈..##.# ##
#....≈≈.♣...≈≈..###.#
##...÷≈≈≈≈≈≈≈..## #.#
##............# #.#
##.....###...# ##.#### #######
#####..##...###.....### ......#
##...............). #####.#
#............#.###


There were no monsters in sight!

Vanquished Creatures
  Cerebov (Pan)
  Antaeus (Coc:7)
  Asmodeus (Geh:7)
  Mnoleg (Pan)
  Dissolution (Slime:2)
  Gloorx Vloq (Pan)
  Ereshkigal (Tar:7)
  Lom Lobon (Pan)
  5 dread liches
  12 orbs of fire
  Dispater (Dis:7)
  2 ancient liches
  The ghost of Anyleklu the Champion of Chaos, a legendary HOFi of Makhleb (Zig:20)
  The ghost of Yxuenos the Conqueror, a legendary DsFi of Makhleb (Zig:20)
  3 juggernauts
  Josephina (Depths:2)
  14 royal mummies
  7 Killer Klowns
  8 shard shrikes
  Vv (Depths:3)
  12 curse toes
  22 caustic shrikes
  Geryon (Hell)
  Jory (Depths:1)
  17 golden dragons
  8 profane servitors
  2 bone dragons (Tar:1)
  11 Tzitzimimeh
  6 doom hounds
  3 electric golems
  5 hellephants
  13 iron giants
  3 pandemonium lords
  15 Brimstone Fiends
  19 tentacled monstrosities
  2 spectral shard shrikes
  34 Hell Sentinels
  26 Orb Guardians
  18 Ice Fiends
  9 liches
  14 tainted leviathans
  Asterion (Elf:1)
  A walking earthen tome (Depths:2)
  15 deep elf master archers
  A walking divine tome (Depths:2)
  10 deep elf blademasters
  15 searing wretches
  14 titans
  9 quicksilver dragons
  6 sphinxes
  4 death cobs
  11 tentacled starspawn
  29 ancient champions
  A kraken (Shoals:4)
  23 acid blobs
  Gastronok (Lair:3)
  14 storm dragons
  10 shadow dragons
  26 Executioners
  Frances (Snake:1)
  6 revenants
  Kirke (D:13)
  7 tengu reavers
  Aizul (Snake:2)
  The ghost of Xiaw the Black Belt, an adept DsFi of Gozag (Elf:2)
  6 draconian monks
  The ghost of Xayden the Warrior, a journeyman MiFi of Okawaru (Snake:1)
  16 frost giants
  10 draconian knights
  A fire giant (shapeshifter) (Zig:8)
  18 rockslimes
  A fenstrider witch (Zig:19)
  7 deep elf sorcerers
  8 protean progenitors
  26 nagarajas
  5 quicksilver elementals
  21 azure jellies
  7 demonspawn warmongers
  27 narguns
  2 emperor scorpions (Zig:18)
  2 spectral juggernauts (Tar:1)
  14 fire giants
  5 draconian shifters
  36 balrugs
  2 spectral caustic shrikes
  2 iron dragons (Vaults:5)
  21 ghost moths
  8 shard shrike simulacra
  12 vault wardens
  5 curse skulls
  5 deep elf elementalists
  An orc warlord (Vaults:4)
  19 cacodemons
  16 draconian scorchers
  9 demonspawn corrupters
  8 draconian annihilators
  9 caustic shrike skeletons
  4 draconian stormcallers
  2 spriggan defenders
  11 quicksilver oozes
  7 demonspawn blood saints
  13 ironbound preservers
  11 formless jellyfish
  23 reapers
  17 elemental wellsprings
  4 ghouls (Crypt:3)
  20 very ugly things
  5 juggernaut skeletons
  11 ironbound thunderhulks
  10 putrid mouths
  2 ophanim (Zig:27)
  10 green draconians
  3 eleionomae (Zig:19)
  12 stone giants
  12 deep elf death magi
  3 dire elephants
  16 vampire knights
  2 bennus (Tomb:1)
  8 demonspawn black suns
  21 purple draconians
  18 war gargoyles
  8 black draconians
  8 red draconians
  12 deep elf annihilators
  10 deep elf demonologists
  18 spark wasps
  4 yellow draconians
  15 wendigos
  5 lorocyprocas
  A bunyip (Zig:19)
  12 white draconians
  3 statues (WizLab)
  12 blizzard demons
  26 iron golems
  13 green deaths
  21 jiangshi
  A spectral iron giant (Tar:6)
  7 fire dragons
  9 merfolk javelineers
  26 eidola
  16 mummy priests
  A quicksilver dragon zombie (Crypt:3)
  12 deep elf high priests
  A shambling mangrove (Zig:19)
  11 ettins
  16 yaktaur captains
  15 merfolk impalers
  2 crystal guardians
  4 rakshasas
  9 entropy weavers
  3 juggernaut simulacra
  4 spectral spriggans
  A spriggan zombie (Zig:9)
  A peacekeeper (Vaults:2)
  10 great orbs of eyes
  Fannar (D:11)
  7 ice dragons
  A hell beast (Depths:2)
  3 spriggan air magi
  29 vault guards
  12 caustic shrike simulacra
  6 hydras
  Erolcha (Orc:1)
  3 alligator snapping turtles
  12 ironbound frosthearts
  6 ogre magi
  2 ghost crabs (Zig:19)
  12 centaur warriors
  An ice dragon (shapeshifter) (Depths:2)
  5 merfolk aquamancers
  2 merfolk avatars
  8 boulder beetles
  3 jorogumos
  27 salamander tyrants
  A spriggan skeleton (Tomb:2)
  3 catoblepae
  62 dancing weapons
  2 radroaches (Zig:18)
  18 hell hogs
  22 death scarabs
  4 death knights
  23 two-headed ogres
  A spectral stone giant (Tar:2)
  4 stokers
  6 anacondas
  A two-headed ogre (shapeshifter) (Zig:21)
  2 deep troll shamans
  A satyr (Shoals:4)
  The ghost of Wong the Skirmisher, a journeyman CoHs of Hepliaklqana (D:10)
  8 death yaks
  6 spriggan berserkers
  The ghost of Lovepenguin the Mimic, a journeyman SpFi of Wu Jian (D:10)
  19 naga warriors
  7 thrashing horrors
  9 deep troll earth magi
  7 demonic crawlers
  6 vampire magi
  12 naga sharpshooters
  3 orc high priests
  A shock serpent (shapeshifter) (Depths:2)
  29 deep elf knights
  8 shock serpents
  4 hellephant skeletons (Pan)
  30 sun demons
  The ghost of Wizard1ke the Destroyer, a novice CoCj of Sif Muna (D:10)
  24 hell knights
  2 skysharks
  Amaemon (D:11)
  12 wretched stars
  10 crystal echidnas
  A titan skeleton (Zig:6)
  14 soul eaters
  39 skeletal warriors
  21 shadow wraiths
  4 spatial maelstroms
  24 sixfirhies
  A spectral bunyip (Tar:2)
  5 iron trolls
  5 fire crabs (Zig:26)
  5 salamander mystics
  A bunyip zombie (Tomb:3)
  8 glowing orange brains
  13 shadow demons
  13 flayed ghosts
  A mana viper (shapeshifter) (Zig:8)
  A bunyip skeleton (Crypt:3)
  12 mana vipers
  5 sun moths (Pan)
  A death drake (Abyss:4)
  7 spriggan druids (Zig:19)
  5 quicksilver dragon simulacra
  15 sea snakes
  An orb spider (Zig:18)
  19 large abominations
  3 spriggan simulacra
  26 deep trolls
  2 obsidian statues (IceCv)
  9 naga ritualists
  A swamp dragon (Zig:19)
  29 deep elf archers
  2 kraken simulacra (Coc:7)
  8 arcanists
  3 bog bodies
  A tengu zombie (Tomb:1)
  An orange crystal statue (Zig:23)
  5 steelbarb worms
  9 thermic dynamos
  An iron giant skeleton (Crypt:1)
  A spectral iron dragon (Tar:4)
  19 phantasmal warriors
  9 lindwurms
  9 orc knights
  17 harpies
  2 fenstrider witch simulacra
  18 ironbound convokers
  12 necromancers
  7 shining eyes
  35 deep elf pyromancers
  33 deep elf zephyrmancers
  16 salamanders
  17 manticores
  4 orc sorcerers
  6 wolf spiders
  7 cyclopes
  A cyclops (shapeshifter) (Vaults:5)
  25 ugly things
  20 moths of wrath
  5 worldbinders
  2 manticores (shapeshifter)
  A tengu skeleton (Zig:6)
  8 will-o-the-wisps
  7 elephants
  A spectral ettin (Tar:1)
  9 merfolk sirens
  A stone giant skeleton (Zig:6)
  4 eyes of devastation
  6 meliai
  A toenail golem (D:8)
  13 apocalypse crabs
  34 black mambas
  6 torpor snails
  3 kobold blastminers
  A water nymph (shapeshifter) (Vaults:5)
  A rust devil (D:11)
  18 vault sentinels
  6 molten gargoyles (Geh:7)
  7 water nymphs
  24 guardian serpents
  An eleionoma skeleton (Crypt:2)
  14 smoke demons
  2 gargoyles
  An ice statue (Zig:23)
  25 naga magi
  15 orange demons
  4 titan simulacra
  A shock serpent skeleton (Crypt:3)
  3 centaur skeletons
  A death yak zombie (Crypt:2)
  A storm dragon simulacrum (Depths:2)
  15 cane toads
  40 yaktaurs
  3 unseen horrors (shapeshifter)
  Maggie (D:8)
  20 freezing wraiths
  A komodo dragon (shapeshifter) (Depths:2)
  13 hellions
  Psyche (D:12)
  7 efreet
  5 unseen horrors (Tar:7)
  2 kobold demonologists
  3 ice devils (Hell)
  4 rime drakes
  A death yak skeleton (Crypt:1)
  3 anaconda simulacra
  17 komodo dragons
  7 catoblepas skeletons (Abyss:4)
  A bunyip simulacrum (Coc:1)
  A purple draconian skeleton (Crypt:1)
  16 tengu conjurers
  A spectral naga (Tar:1)
  7 ancient zymes
  5 golden dragon simulacra
  9 red devils
  9 trolls
  35 guardian mummies
  14 tormentors
  A polar bear (shapeshifter) (D:15)
  5 harpy zombies
  A troll (shapeshifter) (Zig:15)
  2 silent spectres
  An iron giant simulacrum (Coc:2)
  2 polar bears
  A hydra zombie (Crypt:3)
  39 merfolk
  23 hellwings
  8 hornets
  A queen bee (Lair:4)
  4 wind drakes
  2 hydra skeletons
  3 raiju
  3 tarantellas (Zig:18)
  A tengu simulacrum (Depths:2)
  A wind drake (shapeshifter) (Vaults:5)
  An alligator simulacrum (IceCv)
  A meliai zombie (Crypt:3)
  4 iron dragon simulacra
  A tarantella (shapeshifter) (Zig:8)
  A harpy skeleton (Tomb:2)
  23 dream sheep
  8 glass eyes
  13 blink frogs
  An ettin zombie (Crypt:1)
  7 snapping turtles
  A human simulacrum (Crypt:1)
  2 stone giant simulacra
  3 culicivoras
  A jumping spider (shapeshifter) (Depths:2)
  27 water elementals
  6 ynoxinuls
  2 jumping spiders
  A centaur simulacrum (Coc:2)
  7 fire elementals
  A small abomination (D:15)
  92 slime creatures
  6 spriggans
  8 air elementals
  9 wyverns
  56 yaks
  3 dire elephant simulacra
  A guardian serpent skeleton (Crypt:1)
  8 wraiths
  A shadow (D:11)
  53 starcursed masses
  A vampire (D:12)
  2 fire bats (Abyss:4)
  12 golden eyes
  24 ushabtiu
  10 basilisks
  A hog (shapeshifter) (Depths:1)
  14 neqoxecs
  5 wargs
  5 redbacks
  A steam dragon (D:15)
  18 chaos spawn
  44 nagas
  A minotaur simulacrum (IceCv)
  15 vampire mosquitoes
  5 hogs (D:13)
  A spatial vortex (Abyss:4)
  A wind drake skeleton (Crypt:3)
  14 harpy simulacra
  A hydra simulacrum (IceCv)
  An acid dragon (D:4)
  2 naga zombies
  A fire bat skeleton (Crypt:1)
  2 naga skeletons
  15 water moccasins
  A two-headed ogre zombie (Orc:1)
  A deep troll skeleton (Crypt:2)
  6 hell hounds
  A cane toad zombie (Crypt:3)
  30 orc warriors
  2 black bears
  33 laughing skulls
  10 ettin simulacra
  A manticore zombie (Shoals:4)
  2 boggarts
  A fire dragon simulacrum (Coc:1)
  2 sky beasts
  49 ogres
  25 wolves
  4 centaurs
  A snapping turtle skeleton (Crypt:1)
  A centaur (shapeshifter) (Zig:8)
  2 phantoms (D:5)
  4 kobold brigands
  10 bullfrogs
  A deep troll simulacrum (IceCv)
  3 naga simulacra
  16 earth elementals
  2 scorpions
  A komodo dragon skeleton (Crypt:2)
  7 wights
  Dowan (D:4)
  A raiju skeleton (Crypt:2)
  36 killer bees
  An electric eel (Orc:2)
  6 howler monkeys
  A wolf skeleton (Crypt:2)
  A basilisk zombie (Crypt:1)
  A quasit (Abyss:4)
  17 jellies
  13 orc priests
  4 bombardier beetles
  2 gnoll boudas
  7 hounds
  Crazy Yiuf (D:2)
  3 sleepcaps
  Ijyb (D:4)
  A hell rat (Lair:3)
  2 iguanas
  10 orc wizards
  A deep dwarf zombie (Crypt:1)
  A sky beast zombie (Crypt:2)
  38 mummies
  Robin (D:2)
  9 adders
  9 gnolls
  A shadow imp (D:3)
  3 white imps
  A lava snake skeleton (Crypt:2)
  A dart slug (D:1)
  62 orcs
  8 ball pythons
  A bat zombie (Shoals:4)
  9 endoplasms
  4 giant cockroaches
  14 goblins
  12 hobgoblins
  7 jackals
  24 kobolds
  3 quokkas
  7 bats
  2 frilled lizards
  A hobgoblin skeleton (Crypt:3)
  A hobgoblin zombie (Crypt:3)
  A jackal skeleton (Crypt:2)
  4 rats
  6 aspiring fleshes
  3 creeping infernos
  10 fire vortices
  A lurking horror (Coc:2)
  3 spectral weapons
  14 starspawn tentacles
  3 tentacles
4175 creatures vanquished.

Vanquished Creatures (collateral kills)
  the Royal Jelly (Slime:5)
  An orb of fire (Zot:3)
  2 ancient liches
  The ghost of Wiesk the Conqueror, a legendary DDFi of Makhleb (Zig:20)
  3 pandemonium lords
  The ghost of Siupsuvve the Slayer, a veteran MiBe of Trog (Zig:20)
  The ghost of Pyfud Mepa the Armataur Blade, a legendary AtFi of Cheibriados (Zig:20)
  The ghost of 1n5z the Sorcerer, a master DEAl of Vehumet (Zig:20)
  The ghost of Ideustev the Impregnable, a legendary AtBe of the Shining One (Zig:20)
  The ghost of Ideustev the Impregnable, a legendary AtBe of the Shining One (Zig:20)
  The ghost of Fiusean the Slayer, a veteran MiBe of Trog (Zig:20)
  Parghit (Zot:1)
  18 royal mummies
  2 Killer Klowns
  4 shard shrikes
  The ghost of Waphaim the Skinwalker, a veteran DsDe of Gozag (Zig:20)
  6 caustic shrikes
  6 curse toes
  2 golden dragons
  A bone dragon (Depths:4)
  2 Tzitzimimeh
  An iron giant (Dis:6)
  A Brimstone Fiend (Zig:16)
  5 Ice Fiends
  A tentacled monstrosity (Zig:11)
  3 Hell Sentinels
  3 searing wretches
  A titan (Coc:7)
  7 acid blobs
  4 sphinxes
  3 ancient champions
  2 Executioners
  2 death cobs (Zot:1)
  A tengu reaver (Depths:4)
  4 rockslimes
  2 shadow dragons
  4 revenants
  11 narguns
  6 azure jellies
  A draconian knight (Zot:1)
  8 nagarajas
  2 fenstrider witches
  4 frost giants
  2 draconian scorchers
  A ghost moth (Pan)
  3 draconian shifters
  3 fire giants
  8 balrugs
  An iron dragon (Dis:6)
  A draconian stormcaller (Zot:5)
  3 vault wardens
  A demonspawn corrupter (Zig:7)
  A cacodemon (Pan)
  4 formless jellyfish
  3 reapers
  2 curse skulls
  7 very ugly things
  4 draconian annihilators
  2 demonspawn blood saints (Pan)
  An angel (Vaults:1)
  2 ironbound thunderhulks
  A quicksilver ooze (Slime:5)
  4 ironbound preservers
  3 green draconians
  2 stone giants
  3 eleionomae
  2 elemental wellsprings (Coc:7)
  7 demonspawn black suns
  A lorocyproca (Pan)
  7 black draconians
  4 white draconians
  A war gargoyle (Dis:7)
  3 yellow draconians
  3 red draconians
  3 dire elephants (Vaults:1)
  9 wendigos
  5 purple draconians
  3 green deaths
  A blizzard demon (Pan)
  7 eidola
  A fire dragon (Depths:3)
  9 mummy priests
  A yaktaur captain (Vaults:1)
  A deep elf high priest (Zig:15)
  2 rakshasas (Depths:1)
  An ice dragon (Depths:4)
  7 salamander tyrants
  2 hydras
  2 great orbs of eyes
  A hell beast (Zig:16)
  2 alligators
  A spriggan air mage (Depths:3)
  7 ghost crabs (Zig:20)
  An ironbound frostheart (Vaults:2)
  A stoker (Geh:7)
  A merfolk aquamancer (Pan)
  13 death scarabs
  2 deep troll shamans
  A deep troll earth mage (Depths:4)
  A dancing weapon (Dis:2)
  8 hell hogs
  An occultist (Zig:5)
  A shock serpent (Zig:23)
  A vampire mage (Depths:1)
  A spriggan berserker (Depths:4)
  4 sun demons (Pan)
  2 soul eaters
  A sixfirhy (Zig:7)
  An iron troll (Depths:3)
  A goliath frog (Zig:11)
  A shadow demon (Zig:16)
  A swamp dragon (Zig:19)
  An orange crystal statue (Zig:23)
  A flayed ghost (Depths:4)
  A naga ritualist (Zig:23)
  A bog body (Zig:11)
  3 spriggan druids (Zig:11)
  8 deep trolls
  2 quicksilver dragon simulacra (Coc:7)
  2 ironbound convokers (Vaults:2)
  An anaconda skeleton (Tomb:3)
  A spriggan simulacrum (Coc:7)
  2 harpies (Vaults:2)
  An orc knight (Vaults:2)
  2 lindwurms (Vaults:1)
  2 sun moths (Pan)
  An obsidian statue (Zig:23)
  A phantasmal warrior (Zig:20)
  3 starcursed masses (Zig:27)
  3 deep elf pyromancers
  A necromancer (Zig:5)
  A deep elf zephyrmancer (Zig:15)
  A fire giant zombie (Vaults:2)
  9 ugly things
  6 large abominations
  A salamander (Zig:13)
  A shining eye (Zig:12)
  5 moths of wrath
  A frost giant skeleton (Zig:9)
  3 vault sentinels
  5 naga magi
  2 rust devils
  2 black mambas
  2 guardian serpents (Zig:13)
  5 molten gargoyles (Geh:7)
  An ice statue (Coc:7)
  2 orange demons (Pan)
  2 smoke demons
  A storm dragon simulacrum (Zig:22)
  6 hellions
  A yaktaur zombie (Vaults:2)
  6 yaktaurs
  2 freezing wraiths
  4 tormentors
  A tengu conjurer (Depths:1)
  An anaconda simulacrum (Coc:7)
  19 guardian mummies
  A hornet (Zig:19)
  A spectral harpy (Tar:2)
  2 ancient zymes
  3 hellwings
  A bloated husk (Zig:11)
  A polar bear (shapeshifter) (Zig:17)
  A tyrant leech (Zig:19)
  A glass eye (Zig:14)
  A raiju (Zig:27)
  An iron dragon simulacrum (Zig:22)
  10 ushabtiu
  A water elemental (Zig:17)
  15 slime creatures
  4 ynoxinuls (Pan)
  A naga simulacrum (Coc:7)
  2 yaks (D:8)
  A vampire (Zig:27)
  A golden eye (Zig:12)
  2 fire elementals (Zig:15)
  A dire elephant simulacrum (Coc:3)
  A vampire mosquito (Zig:11)
  5 neqoxecs
  7 chaos spawn
  3 nagas (Zig:23)
  A hydra simulacrum (Coc:3)
  Duvessa (D:4)
  A sky beast (D:8)
  10 laughing skulls
  A centaur (D:8)
  Blork the orc (D:4)
  A human simulacrum (Vaults:2)
  An orc priest (D:8)
  26 mummies
  2 orcs (D:8)
  A goblin (D:3)
  A spectral weapon (Zig:11)
  A starspawn tentacle (Zig:10)
573 creatures vanquished.

Vanquished Creatures (others)
  The ghost of Truedra the Wrestler, a legendary DrSh of Wu Jian (Zig:20)
  The ghost of Siupsuvve the Slayer, a veteran MiBe of Trog (Zig:24)
  The ghost of Siupsuvve the Slayer, a veteran MiBe of Trog (Zig:24)
  The ghost of Ideustev the Impregnable, a legendary AtBe of the Shining One (Zig:24)
  3 royal mummies
  2 shard shrikes
  The ghost of Waphaim the Skinwalker, a veteran DsDe of Gozag (Zig:20)
  4 caustic shrikes
  A curse toe (Zig:24)
  A doom hound (Tar:2)
  An Orb Guardian (Zot:5)
  A tentacled monstrosity (Pan)
  A searing wretch (Geh:7)
  An eldritch tentacle (Pan)
  3 demonspawn warmongers
  A nagaraja (Zig:23)
  2 fire giants
  3 revenants (Zig:24)
  2 narguns (Coc:7)
  An azure jelly (Zig:22)
  A draconian monk (Zot:1)
  2 fenstrider witches (Zig:19)
  2 shard shrike simulacra
  A draconian stormcaller (Zot:4)
  2 cacodemons
  An ironbound preserver (Vaults:3)
  2 stone giants (Depths:4)
  2 demonspawn blood saints (Pan)
  A very ugly thing (Depths:3)
  A green draconian (Zot:1)
  2 demonspawn black suns
  A lorocyproca (Pan)
  A red draconian (Zot:5)
  A dire elephant (Vaults:1)
  A starcursed mass (Zig:27)
  2 mummy priests (Tomb:2)
  2 eidola (Zig:24)
  9 salamander tyrants
  A hydra (Zig:19)
  2 ghost crabs (Zig:24)
  2 juggernaut simulacra
  A caustic shrike simulacrum (Coc:4)
  An anaconda (Zig:13)
  2 death scarabs
  2 dancing weapons
  A hell knight (Dis:2)
  A thrashing horror (Zig:27)
  4 hell hogs
  A deep elf knight (Zig:21)
  A sun demon (Zig:7)
  2 soul eaters (Zig:24)
  2 sixfirhies
  A fire crab (Zig:26)
  A quicksilver dragon simulacrum (Coc:6)
  A glowing orange brain (Zig:12)
  2 deep trolls (Depths:3)
  A shadow demon (Zig:16)
  A kraken simulacrum (Coc:7)
  A mana viper (Zig:23)
  A bog body (Zig:19)
  A deep elf archer (Zig:17)
  2 orc sorcerers
  2 shining eyes
  3 deep elf pyromancers
  6 deep elf zephyrmancers
  An ugly thing (Depths:1)
  A moth of wrath (Zot:2)
  A molten gargoyle (Geh:7)
  A smoke demon (Zot:1)
  2 hellions
  A tormentor (Pan)
  2 anaconda simulacra
  4 ancient zymes
  5 guardian mummies
  An iron giant simulacrum (Coc:3)
  A wolf spider simulacrum (D:15)
  A hellwing (Pan)
  A dream sheep (Lair:4)
  An iron dragon simulacrum (Coc:2)
  A stone giant simulacrum (Coc:4)
  A slime creature (Zig:12)
  A naga simulacrum (Coc:2)
  2 ynoxinuls
  A dire elephant simulacrum (Coc:6)
  2 golden eyes
  A water elemental (Elf:1)
  3 chaos spawn (Pan)
  4 neqoxecs
  A warg (Elf:1)
  A naga (Zig:23)
  2 harpy simulacra (Coc:1)
  2 small abominations (Abyss:4)
  A water moccasin (D:5)
  An orc warrior (D:8)
  5 spriggan simulacra
  An ettin simulacrum (Coc:7)
  5 laughing skulls (Pan)
  A scorpion (D:5)
  2 killer bees
  A jelly (D:7)
  A gnoll bouda (D:7)
  2 human simulacra (D:7)
  10 mummies
  2 kobolds
  12 foxfires (Zig:26)
  31 starspawn tentacles
  11 tentacles
243 creatures vanquished.

Grand Total: 4991 creatures vanquished

Notes
Turn   | Place    | Note
-------+----------+-------------------------------------------
     0 | D:1      | december12 the Barachi Artificer began the quest for the
                  | Orb.
     0 | D:1      | Reached XP level 1. HP: 15/15 MP: 1/1
   173 | D:1      | Reached XP level 2. HP: 22/22 MP: 2/2
   537 | D:1      | Reached XP level 3. HP: 25/28 MP: 3/3
  1579 | D:2      | Noticed Robin
  1585 | D:2      | You fall into a shaft and drop 2 floors!
  1621 | D:4      | Found a staircase to the Ecumenical Temple.
  1628 | Temple   | Entered the Ecumenical Temple
  1643 | Temple   | Became a worshipper of the Wu Jian Council
  1680 | D:4      | Reached XP level 4. HP: 24/37 MP: 4/4
  1727 | D:4      | Noticed Duvessa
  1727 | D:4      | Noticed Dowan
  1738 | D:4      | Killed Duvessa
  1739 | D:4      | Reached skill level 5 in Fighting
  1739 | D:4      | Reached XP level 5. HP: 33/46 MP: 5/5
  1774 | D:4      | Killed Dowan
  1913 | D:4      | Found an opulent altar of Gozag.
  1915 | D:4      | Found an opulent altar of Gozag.
  1916 | D:4      | Found an opulent altar of Gozag.
  1917 | D:4      | Found an opulent altar of Gozag.
  1922 | D:4      | Reached XP level 6. HP: 42/53 MP: 6/6
  2135 | D:4      | Noticed Ijyb
  2142 | D:4      | Noticed Blork the orc
  2152 | D:4      | Killed Blork the orc
  2158 | D:4      | Killed Ijyb
  2549 | D:4      | Reached XP level 7. HP: 29/63 MP: 7/7
  2911 | D:2      | Killed Robin
  3108 | D:2      | Reached * piety under Wu Jian
  3341 | D:2      | Found a runed translucent door.
  3342 | D:2      | Noticed Crazy Yiuf
  3793 | D:3      | Reached skill level 1 in Long Blades
  3837 | D:3      | Found Kaifoecou's Distillery.
  3888 | D:3      | Bought a potion of heal wounds for 60 gold pieces
  4329 | D:5      | Entered Level 5 of the Dungeon
  4491 | D:4      | Found a shimmering blue altar of Sif Muna.
  4697 | D:5      | Found a glowing silver altar of Zin.
  4719 | D:5      | Found a broken altar of Ashenzari.
  5183 | D:5      | Reached XP level 8. HP: 71/71 MP: 8/8
  5243 | D:5      | Reached ** piety under Wu Jian
  5605 | D:5      | Identified the +0 scale mail of the Guardian {Dex+2}
  5637 | D:5      | Reached skill level 5 in Long Blades
  6378 | D:6      | Reached skill level 10 in Fighting
  6664 | D:6      | Reached XP level 9. HP: 78/78 MP: 9/9
  6756 | D:6      | Found a blossoming altar of Fedhas.
  6780 | D:6      | Found the +4 robe of Augmentation {Str+4 Int+4 Dex+4}
  7372 | D:6      | Reached *** piety under Wu Jian
  7580 | D:7      | Reached skill level 5 in Dodging
  8645 | D:8      | Found a glowing golden altar of the Shining One.
  8648 | D:8      | Noticed a two-headed ogre
  8667 | D:8      | Killed a two-headed ogre
  8832 | D:8      | Reached XP level 10. HP: 88/89 MP: 10/10
  8851 | D:8      | Reached skill level 1 in Shapeshifting
  9371 | D:8      | Reached **** piety under Wu Jian
  9415 | D:8      | Reached skill level 10 in Long Blades
  9726 | D:8      | Noticed Maggie
 10288 | D:8      | Found a glowing golden altar of the Shining One.
 10556 | D:8      | Killed Maggie
 10823 | D:9      | Found a staircase to the Lair.
 10929 | D:9      | Reached XP level 11. HP: 81/96 MP: 11/11
 10935 | D:9      | Reached skill level 5 in Shapeshifting
 11415 | D:9      | Found a shadowy altar of Dithmenos.
 11936 | D:10     | Entered Level 10 of the Dungeon
 11959 | D:10     | Found a runed translucent gate.
 11959 | D:10     | Found a runed translucent gate.
 11959 | D:10     | Found a runed translucent gate.
 11965 | D:10     | Noticed Wong's ghost (journeyman CoHs)
 11965 | D:10     | Noticed Wizard1ke's ghost (novice CoCj)
 11965 | D:10     | Noticed Lovepenguin's ghost (journeyman SpFi)
 12017 | D:10     | Reached ***** piety under Wu Jian
 12355 | D:10     | Identified the orb of the Shining Light {*channel, rN+
                  | Will+}
 12369 | D:10     | Found a basalt altar of Yredelemnul.
 13228 | D:11     | Identified the +3 ring mail of Lies {+Blink Will+ Int+4}
 13452 | D:11     | Noticed Fannar
 13465 | D:11     | Killed Fannar
 13466 | D:11     | Reached XP level 12. HP: 77/105 MP: 12/12
 13632 | D:11     | Found a staircase to the Orcish Mines.
 13758 | D:11     | Noticed Amaemon
 14033 | D:11     | Found a staircase to the Orcish Mines.
 14062 | D:11     | Killed Amaemon
 14566 | D:12     | Noticed a boulder beetle
 14671 | D:12     | Noticed a boulder beetle
 14721 | D:11     | Killed a boulder beetle
 15299 | D:12     | Noticed Psyche
 15304 | D:12     | Killed Psyche
 15331 | D:12     | Killed a boulder beetle
 15733 | D:12     | Noticed a two-headed ogre
 15741 | D:12     | Killed a two-headed ogre
 16127 | D:13     | Noticed a centaur warrior
 16250 | D:13     | Killed a centaur warrior
 16434 | D:13     | Noticed a centaur warrior
 16440 | D:13     | Killed a centaur warrior
 16496 | D:13     | Gained mutation: You can hop long distances. [Barachi
                  | growth]
 16496 | D:13     | Reached XP level 13. HP: 108/113 MP: 13/13
 16862 | D:13     | Found a gate to the Vaults.
 17136 | D:14     | Found Hewnac's Book Shoppe.
 17192 | D:15     | Entered Level 15 of the Dungeon
 17201 | D:15     | Reached skill level 10 in Shapeshifting
 17306 | D:15     | Identified a scroll of acquirement
 17541 | D:3      | Bought a potion of experience for 600 gold pieces
 17541 | D:3      | Reached XP level 14. HP: 120/120 MP: 14/14
 18428 | D:15     | Found a staircase to the Depths.
 18429 | D:15     | Noticed a stone giant
 18565 | D:15     | Identified the +8 flail "Irghiokha" {drain, rF+++ Dex-2
                  | SInv}
 18589 | D:15     | Reached skill level 15 in Long Blades
 18836 | D:15     | Killed a stone giant
 18837 | D:15     | Reached skill level 10 in Dodging
 20099 | D:15     | Found a staircase to the Depths.
 21972 | Lair:1   | Entered Level 1 of the Lair of Beasts
 22754 | Lair:2   | Found a staircase to the Shoals.
 22902 | Lair:2   | Reached skill level 15 in Fighting
 23334 | Lair:2   | Found a staircase to the Snake Pit.
 23787 | Lair:3   | Noticed Gastronok
 23795 | Lair:3   | Killed Gastronok
 23796 | Lair:3   | Reached XP level 15. HP: 100/129 MP: 15/15
 24469 | Lair:4   | Found a staircase to the Slime Pits.
 24469 | Lair:4   | Found a viscous altar of Jiyva.
 24675 | Lair:4   | Reached skill level 15 in Shapeshifting
 25475 | Lair:3   | Identified the +4 dagger of Reack {freeze, rF- rN+ Dex+3}
 25844 | Lair:5   | Entered Level 5 of the Lair of Beasts
 25912 | Lair:5   | Learned a level 5 spell: Silence
 25941 | Lair:5   | Reached ****** piety under Wu Jian
 25955 | Lair:5   | Reached skill level 1 in Spellcasting
 25978 | Lair:5   | Reached skill level 1 in Hexes
 25978 | Lair:5   | Reached skill level 1 in Air Magic
 26744 | Lair:5   | Reached XP level 16. HP: 125/136 MP: 19/21
 27228 | Orc:1    | Entered Level 1 of the Orcish Mines
 27484 | Orc:1    | Noticed Erolcha
 27504 | Orc:1    | Killed Erolcha
 27617 | Orc:1    | Found a roughly hewn altar of Beogh.
 27690 | Orc:2    | Entered Level 2 of the Orcish Mines
 27690 | Orc:2    | Found Jomuyttukung's Weapon Boutique.
 27690 | Orc:2    | Found Suts's Armour Emporium.
 27690 | Orc:2    | Found Geoklein's Magic Scroll Emporium.
 27690 | Orc:2    | Found Naeliyr's General Store.
 27690 | Orc:2    | Found a bloodstained altar of Trog.
 27699 | Orc:2    | Reached skill level 5 in Hexes
 27699 | Orc:2    | Reached skill level 5 in Air Magic
 27706 | Orc:2    | Found Waujidap's Antique Weapon Boutique.
 27707 | Orc:2    | Reached skill level 5 in Spellcasting
 27733 | Orc:2    | Paralysed by an ogre mage for 2 turns
 27779 | Orc:2    | Bought a scroll of identify for 24 gold pieces
 27779 | Orc:2    | Bought a scroll of immolation for 48 gold pieces
 27779 | Orc:2    | Bought a scroll of identify for 24 gold pieces
 27779 | Orc:2    | Bought a scroll of teleportation for 36 gold pieces
 27786 | Orc:2    | Found Hojapuu's Antique Armour Shoppe.
 27811 | Orc:2    | Found Jiel Ret's Antique Armour Shoppe.
 27831 | Orc:2    | Bought an embroidered hat for 266 gold pieces
 27893 | Orc:2    | Found a staircase to the Elven Halls.
 27914 | Orc:2    | Found Egrux's Antique Armour Shop.
 27919 | Orc:2    | Bought a masterwork helmet for 332 gold pieces
 27919 | Orc:2    | Identified the +2 helmet of Submission {rF+ rC+ Dex+4} (You
                  | bought it in a shop on level 2 of the Orcish Mines)
 28339 | Orc:2    | Found Piufeul's Antique Weapon Boutique.
 28581 | Orc:1    | Found Cuderuinil's Jewellery Shoppe.
 28866 | D:14     | Bought a book of Vapours for 468 gold pieces
 28976 | Orc:2    | Bought a book of Ice for 700 gold pieces
 28980 | Orc:2    | Learned a level 3 spell: Mephitic Cloud
 28986 | Orc:2    | Learned a level 5 spell: Freezing Cloud
 29211 | D:2      | Killed Crazy Yiuf
 29421 | D:10     | Killed Lovepenguin's ghost
 29421 | D:10     | Killed Wong's ghost
 29425 | D:10     | Killed Wizard1ke's ghost
 29534 | Snake:1  | Entered Level 1 of the Snake Pit
 29552 | Snake:1  | Reached skill level 1 in Ice Magic
 29572 | Snake:1  | Found a glowing golden altar of the Shining One.
 29664 | Snake:1  | Acquired a manual of Ice Magic
 29666 | Snake:1  | Acquired the amulet of the Indestructible God {rN+ Regen+}
 29694 | Snake:1  | Reached skill level 1 in Conjurations
 29863 | Snake:1  | Found a runed translucent gate.
 29864 | Snake:1  | Found a runed translucent gate.
 29865 | Snake:1  | Found a runed translucent gate.
 29866 | Snake:1  | Noticed Xayden's ghost (journeyman MiFi)
 30547 | Snake:1  | Reached XP level 17. HP: 142/142 MP: 26/26
 30588 | Snake:1  | Killed Xayden's ghost
 30601 | Snake:1  | Identified the +8 chain mail of Tyvokk {Regen+ Int+3}
 30618 | Snake:2  | Noticed Frances
 30642 | Snake:1  | Killed Frances
 30771 | Snake:2  | Identified the serpent talisman of the Pure Nightmares {rC+
                  | rCorr Dex+3}
 30771 | Snake:2  | Noticed Aizul
 30781 | Snake:2  | Reached skill level 5 in Ice Magic
 30784 | Snake:2  | Killed Aizul
 30931 | Snake:2  | You fall into a shaft and drop 1 floor!
 31220 | Snake:3  | Found a snail-covered altar of Cheibriados.
 31858 | Snake:2  | Acquired a manual of Hexes
 32443 | Snake:4  | Entered Level 4 of the Snake Pit
 32688 | Snake:3  | Reached XP level 18. HP: 149/149 MP: 30/30
 32702 | Snake:3  | Reached skill level 10 in Hexes
 32803 | Snake:4  | Reached skill level 10 in Ice Magic
 32868 | Snake:4  | Got a serpentine rune of Zot
 33106 | Snake:4  | Found Iteip's Armour Shoppe.
 33940 | Snake:4  | Learned a level 3 spell: Ozocubu's Armour
 33948 | Snake:4  | Learned a level 7 spell: Ozocubu's Refrigeration
 34089 | Shoals:1 | Entered Level 1 of the Shoals
 34118 | Shoals:1 | Identified the ring "Feugaev" {Fly rN+ MP+9 Str+3}
 34145 | Shoals:1 | Reached skill level 5 in Conjurations
 35843 | Shoals:3 | Reached skill level 10 in Spellcasting
 36354 | Shoals:4 | Entered Level 4 of the Shoals
 36403 | Shoals:4 | Found a glacial archway.
 36424 | IceCv    | Entered an ice cave
 36881 | IceCv    | Reached XP level 19. HP: 89/155 MP: 33/33
 37208 | Shoals:4 | Reached skill level 15 in Ice Magic
 37366 | Shoals:4 | Got a barnacled rune of Zot
 37427 | Shoals:4 | Got the Vellum of Distance and Degeneration
 38082 | D:14     | Bought a book of Spatial Translocations for 324 gold pieces
 38082 | D:14     | Bought a book of Transmutation for 504 gold pieces
 38085 | D:14     | Learned a level 2 spell: Blink
 38088 | D:14     | Learned a level 2 spell: Lesser Beckoning
 38094 | D:14     | Learned a level 5 spell: Irradiate
 38210 | Elf:1    | Entered Level 1 of the Elven Halls
 38260 | Elf:1    | Reached skill level 1 in Alchemy
 38316 | Elf:1    | Found Boodd's Book Emporium.
 38316 | Elf:1    | Found Viyblud's Jewellery Boutique.
 38318 | Elf:1    | Found Nabu's Book Emporium.
 38359 | Elf:1    | Reached skill level 1 in Translocations
 38419 | Elf:1    | Found a huge runed translucent gate.
 38420 | Elf:1    | Found a huge runed translucent gate.
 38422 | Elf:1    | Found a huge runed translucent gate.
 38422 | Elf:1    | Found a huge runed translucent gate.
 38424 | Elf:1    | Found a huge runed translucent gate.
 38424 | Elf:1    | Found a huge runed translucent gate.
 38424 | Elf:1    | Found a huge runed translucent gate.
 38424 | Elf:1    | Found a huge runed translucent gate.
 38425 | Elf:1    | Found a huge runed translucent gate.
 38425 | Elf:1    | Found a huge runed translucent gate.
 38425 | Elf:1    | Found a huge runed translucent gate.
 38425 | Elf:1    | Found a huge runed translucent gate.
 38425 | Elf:1    | Found a huge runed translucent gate.
 38426 | Elf:1    | Found a huge runed translucent gate.
 38426 | Elf:1    | Found a huge runed translucent gate.
 38426 | Elf:1    | Found a huge runed translucent gate.
 38426 | Elf:1    | Found a huge runed translucent gate.
 38426 | Elf:1    | Found a huge runed translucent gate.
 38426 | Elf:1    | Found a huge runed translucent gate.
 38426 | Elf:1    | Found a huge runed translucent gate.
 38449 | Elf:1    | Noticed Asterion
 38470 | Elf:1    | Killed Asterion
 38513 | Elf:1    | Reached skill level 15 in Dodging
 39473 | Elf:2    | Reached XP level 20. HP: 162/162 MP: 36/36
 39610 | Elf:2    | Found a runed translucent gate.
 39610 | Elf:2    | Found a runed translucent gate.
 39612 | Elf:2    | Found a runed translucent gate.
 40297 | Elf:3    | Entered Level 3 of the Elven Halls
 40560 | Elf:2    | Acquired Jumeetae's Directory of Shining Mischance
 40750 | Elf:2    | Found a runed translucent gate.
 40750 | Elf:2    | Found a runed translucent gate.
 40751 | Elf:2    | Found a runed translucent gate.
 40751 | Elf:2    | Noticed Xiaw's ghost (adept DsFi)
 40772 | Elf:2    | Killed Xiaw's ghost
 40773 | Elf:2    | Reached skill level 5 in Alchemy
 42763 | Elf:3    | Identified the +5 hand axe of the Inferno {drain, rPois}
 42767 | Abyss:3  | Cast into level 3 of the Abyss (a deep elf demonologist)
 42807 | Elf:3    | Escaped the Abyss
 42859 | Elf:3    | Identified the +6 short sword of Xinyenari {flame, +Blink
                  | Int-3 Dex+3}
 42869 | Elf:3    | Reached skill level 15 in Hexes
 42967 | Elf:3    | Identified the +8 dire flail "Unoupoq" {heavy, rPois rF+
                  | Str+4}
 42967 | Elf:3    | Identified the +1 leather armour of the Devil's Team {rElec
                  | Will++ MP+9 Str+2}
 43193 | Elf:3    | Got Xithepli's Volume of the Fetid Charnel House
 43279 | Elf:3    | Learned a level 6 spell: Sculpt Simulacrum
 43287 | Elf:3    | Learned a level 7 spell: Enfeeble
 43541 | Vaults:1 | Entered Level 1 of the Vaults
 43566 | Vaults:1 | Reached XP level 21. HP: 56/168 MP: 10/38
 43704 | Vaults:1 | Reached skill level 5 in Translocations
 44571 | Vaults:1 | Found a glowing silver altar of Zin.
 44861 | Vaults:1 | Learned a level 3 spell: Passwall
 44929 | Vaults:2 | Found Louhu's Antique Weapon Boutique.
 45025 | Vaults:2 | Paralysed by a sphinx for 3 turns
 45250 | Vaults:2 | Reached skill level 15 in Spellcasting
 45631 | Vaults:2 | Found a roughly hewn altar of Beogh.
 45888 | Vaults:2 | Found the +3 robe of Clouds {*Thunder rCloud rElec}
 46152 | Vaults:3 | Reached XP level 22. HP: 175/175 MP: 27/41
 46725 | Vaults:3 | Found a staircase to the Crypt.
 46834 | Vaults:3 | Found a portal to a secret trove of treasure.
 47099 | Vaults:3 | Identified the +0 leather armour of Qyenok {rElec rPois
                  | rN+++ Str-3}
 47257 | Vaults:3 | Learned a level 9 spell: Polar Vortex
 47430 | Vaults:4 | Found a magical portal.
 47463 | WizLab   | Entered Iskenderun's Mystic Tower
 47980 | WizLab   | Got Iskenderun's Quarto of Confrontation
 47980 | WizLab   | Got Iskenderun's Grimoire of Blows
 48036 | Vaults:4 | Learned a level 8 spell: Discord
 48414 | Vaults:4 | Identified the +8 arbalest of Ulakk {penet, *Slow rF+ rN+
                  | Int+2}
 49036 | Vaults:5 | Entered Level 5 of the Vaults
 49040 | Vaults:5 | Reached XP level 23. HP: 181/181 MP: 21/44
 49300 | Vaults:5 | Identified the amulet "Goskij" {Harm rC++ Regen+ Str-5}
 49548 | Vaults:5 | Reached skill level 5 in Armour
 49999 | Vaults:5 | Found Iniler's Weapon Emporium.
 50003 | Vaults:5 | Bought a throwing net for 39 gold pieces
 50125 | Vaults:5 | Found Zockugob's Distillery.
 50219 | Vaults:5 | Identified the +3 ring mail "Uvimpedd" {Int+5}
 50230 | Vaults:5 | Identified the +3 leather armour of Untruth {*Corrode rElec
                  | Dex+4 SInv}
 50357 | Vaults:5 | Identified the +4 rapier "Beastslayer" {freeze, *Slow Str+6
                  | Stlth-}
 50358 | Vaults:5 | Identified the ring of Rationality {Wiz rElec rC+ Dex+3
                  | Stlth+}
 50372 | Vaults:5 | Got Angasmur's Incunabulum of the Glacier
 50448 | Vaults:5 | Got a silver rune of Zot
 50741 | Vaults:5 | Learned a level 4 spell: Passage of Golubria
 50815 | Crypt:1  | Entered Level 1 of the Crypt
 51429 | Crypt:1  | Reached XP level 24. HP: 191/191 MP: 45/45
 51824 | Crypt:1  | Found a huge runed translucent gate.
 51824 | Crypt:1  | Found a huge runed translucent gate.
 51824 | Crypt:1  | Found a huge runed translucent gate.
 51824 | Crypt:1  | Found a huge runed translucent gate.
 51824 | Crypt:1  | Found a huge runed translucent gate.
 51825 | Crypt:1  | Found a huge runed translucent gate.
 51825 | Crypt:1  | Found a huge runed translucent gate.
 51825 | Crypt:1  | Found a huge runed translucent gate.
 51825 | Crypt:1  | Found a huge runed translucent gate.
 52412 | Crypt:1  | Found an ancient bone altar of Kikubaaqudgha.
 52639 | Crypt:3  | Entered Level 3 of the Crypt
 52707 | Crypt:3  | Noticed a curse toe
 52724 | Crypt:3  | Killed a curse toe
 53368 | Crypt:3  | Found a staircase to the Tomb.
 53507 | Crypt:3  | Noticed a dread lich
 53533 | Crypt:3  | Noticed a dread lich
 53533 | Crypt:3  | Noticed an ancient lich
 53544 | Crypt:3  | Killed a dread lich
 53586 | Crypt:3  | Killed a dread lich
 53668 | Crypt:3  | Killed an ancient lich
 53676 | Crypt:3  | Got the Incunabulum of Necromancy
 53680 | Crypt:3  | Identified the amulet "Aziacs" {RegenMP+ Int+3 Stlth+}
 53929 | D:13     | Noticed Kirke
 53932 | D:13     | Killed Kirke
 53996 | Depths:1 | Entered Level 1 of the Depths
 54118 | Depths:1 | Identified the +8 spear of the Beginning {venom, Int+4}
 54121 | Depths:1 | Reached skill level 1 in Earth Magic
 54156 | Depths:1 | Found Xoumak's Distillery.
 54157 | Depths:1 | Found Temi's Distillery.
 54159 | Depths:1 | Found Xigh's Assorted Antiques.
 54164 | Depths:1 | Bought a potion of heal wounds for 80 gold pieces
 54164 | Depths:1 | Bought a potion of heal wounds for 80 gold pieces
 54166 | Depths:1 | Bought a potion of heal wounds for 70 gold pieces
 54407 | Depths:1 | Got the Incunable of Bombardment and the Wyrd
 54430 | Depths:1 | Found a gateway to Hell.
 54632 | Depths:1 | Reached XP level 25. HP: 199/199 MP: 46/46
 54904 | Depths:1 | Noticed Jory
 54918 | Depths:1 | Killed Jory
 54928 | Depths:1 | Gained mutation: Your health recovers twice as slowly from
                  | being drained. [mutagenic glow]
 55368 | Depths:1 | Identified the staff of Evil {rC- Dex+2 SInv Conj Alchemy}
 55577 | Depths:1 | Identified the +10 shortbow "Hishoyhu" {freeze, ^Drain
                  | rN++}
 55888 | Depths:2 | Noticed a juggernaut
 55904 | Depths:1 | Killed a juggernaut
 56141 | Depths:2 | Identified the ring of Vonkustro {Ice rN+ Stlth+}
 56141 | Depths:2 | Noticed Josephina
 56154 | Depths:2 | Killed Josephina
 56284 | Depths:2 | Found a one-way gate leading to the halls of Pandemonium.
 56707 | Depths:2 | Found a one-way gateway to a ziggurat.
 56784 | Depths:2 | Found a one-way gate to the infinite horrors of the Abyss.
 56986 | Depths:3 | Found a flickering gateway to a bazaar.
 56995 | Depths:3 | Noticed Vv
 57003 | Bazaar   | Entered a bazaar
 57009 | Bazaar   | Found Veeclotot's Armour Shop.
 57035 | Bazaar   | Found Revavonula's Weapon Shop.
 57044 | Bazaar   | Bought a throwing net for 21 gold pieces
 57049 | Bazaar   | Found Etifuc's Weapon Boutique.
 57063 | Bazaar   | Found Nuirheed's Antique Armour Shop.
 57072 | Bazaar   | Bought a twisted cloak for 228 gold pieces
 57072 | Bazaar   | Identified the +1 cloak of Lethargy {rElec Regen+ Str+2
                  | Dex-2} (You bought it in a shop in a bazaar)
 57089 | Bazaar   | Found Ruceijar's Jewellery Boutique.
 57103 | Bazaar   | Found Menguk's Weapon Shop.
 57142 | Depths:3 | Killed Vv
 57158 | Depths:3 | Reached XP level 26. HP: 209/209 MP: 42/46
 57187 | Depths:3 | Found a sacrificial altar of Ru.
 57893 | Depths:3 | Identified the +7 quarterstaff "Fifem" {antimagic, rPois
                  | rN++ Str-4 Dex+2}
 57894 | Depths:3 | Identified the staff "Arie" {Fly rF+ Fire}
 58376 | Depths:4 | Entered Level 4 of the Depths
 58488 | Depths:4 | Reached skill level 5 in Earth Magic
 58639 | Depths:4 | Reached skill level 10 in Armour
 58704 | Depths:4 | Found Wesumuti's Armour Emporium.
 58965 | Depths:4 | Found a gate to the Realm of Zot.
 59094 | Zot:1    | Entered Level 1 of the Realm of Zot
 59212 | Zot:1    | Noticed Parghit
 59488 | Zot:1    | Killed Parghit
 60293 | Zot:1    | Identified the +7 battleaxe "Acarineslayer" {freeze, rF+
                  | Int+2}
 60457 | Zot:2    | Reached XP level 27. HP: 185/217 MP: 6/47
 60586 | Zot:2    | Identified the +1 robe of Vomam {Int+2}
 61666 | Zot:3    | Noticed an orb of fire
 61669 | Zot:3    | Gained mutation: Armour fits poorly on your strangely
                  | shaped body. [an orb of fire]
 61672 | Zot:3    | Gained mutation: You are frail. (-10% HP) [an orb of fire]
 61677 | Zot:3    | Killed an orb of fire
 62208 | Zot:3    | Noticed an orb of fire
 62216 | Zot:3    | Killed an orb of fire
 62815 | Zot:4    | Noticed an orb of fire
 62821 | Zot:4    | Gained mutation: You passively dampen the noise of your
                  | surroundings. [an orb of fire]
 62827 | Zot:4    | Killed an orb of fire
 63550 | Zot:5    | Entered Level 5 of the Realm of Zot
 63551 | Zot:5    | Noticed a dread lich
 63559 | Zot:4    | Learned a level 4 spell: Vhi's Electric Charge
 63566 | Zot:4    | Learned a level 5 spell: Summon Mana Viper
 64435 | Orc:2    | Bought a scroll of vulnerability for 48 gold pieces
 64435 | Orc:2    | Bought a scroll of fear for 48 gold pieces
 64435 | Orc:2    | Bought a scroll of amnesia for 48 gold pieces
 64784 | Tomb:1   | Entered Level 1 of the Tomb of the Ancients
 64808 | Tomb:1   | Noticed a royal mummy
 65293 | Tomb:1   | Paralysed by a Zot trap for 2 turns
 65397 | Tomb:1   | Killed a royal mummy
 65445 | Tomb:1   | Noticed a royal mummy
 65445 | Tomb:1   | Noticed a royal mummy
 65451 | Tomb:1   | Killed a royal mummy
 65455 | Tomb:1   | Killed a royal mummy
 65616 | Tomb:2   | Noticed a royal mummy
 65620 | Tomb:2   | Noticed a royal mummy
 65631 | Tomb:2   | Killed a royal mummy
 65639 | Tomb:2   | Killed a royal mummy
 65641 | Tomb:2   | Killed a royal mummy
 65659 | Tomb:2   | Noticed a royal mummy
 65667 | Tomb:2   | Killed a royal mummy
 65914 | Tomb:1   | Noticed a royal mummy
 65915 | Tomb:1   | Noticed a royal mummy
 65915 | Tomb:1   | Noticed a royal mummy
 65915 | Tomb:1   | Noticed a royal mummy
 65923 | Tomb:1   | Killed a royal mummy
 65924 | Tomb:1   | Killed a royal mummy
 65926 | Tomb:1   | Killed a royal mummy
 65928 | Tomb:1   | Killed a royal mummy
 66032 | Tomb:1   | Noticed a royal mummy
 66049 | Tomb:1   | Killed a royal mummy
 66079 | Tomb:1   | Noticed a royal mummy
 66089 | Tomb:1   | Killed a royal mummy
 66188 | Tomb:1   | Noticed a royal mummy
 66189 | Tomb:1   | Noticed a royal mummy
 66195 | Tomb:1   | Killed a royal mummy
 66198 | Tomb:1   | Noticed a royal mummy
 66205 | Tomb:1   | Killed a royal mummy
 66212 | Tomb:1   | Killed a royal mummy
 66277 | Tomb:1   | Noticed a royal mummy
 66294 | Tomb:1   | Killed a royal mummy
 66336 | Tomb:1   | Noticed a royal mummy
 66338 | Tomb:1   | Noticed a royal mummy
 66342 | Tomb:1   | Killed a royal mummy
 66347 | Tomb:1   | Killed a royal mummy
 66384 | Tomb:1   | Noticed a royal mummy
 66385 | Tomb:1   | Noticed a royal mummy
 66387 | Tomb:1   | Noticed a royal mummy
 66387 | Tomb:1   | Noticed a royal mummy
 66387 | Tomb:1   | Noticed a royal mummy
 66392 | Tomb:1   | Killed a royal mummy
 66392 | Tomb:1   | Killed a royal mummy
 66392 | Tomb:1   | Killed a royal mummy
 66394 | Tomb:1   | Killed a royal mummy
 66395 | Tomb:1   | Reached skill level 15 in Armour
 66396 | Tomb:1   | Killed a royal mummy
 66862 | Tomb:3   | Entered Level 3 of the Tomb of the Ancients
 66875 | Tomb:3   | Noticed a royal mummy
 66877 | Tomb:3   | Noticed a royal mummy
 66877 | Tomb:3   | Noticed a royal mummy
 66877 | Tomb:3   | Noticed a royal mummy
 66877 | Tomb:3   | Noticed a royal mummy
 66877 | Tomb:3   | Noticed a royal mummy
 66877 | Tomb:3   | Noticed a royal mummy
 66881 | Tomb:3   | Killed a royal mummy
 66882 | Tomb:3   | Killed a royal mummy
 66882 | Tomb:3   | Killed a royal mummy
 66883 | Tomb:3   | Killed a royal mummy
 66889 | Tomb:3   | Killed a royal mummy
 66890 | Tomb:3   | Killed a royal mummy
 66893 | Tomb:3   | Noticed a royal mummy
 66894 | Tomb:3   | Killed a royal mummy
 66902 | Tomb:3   | Killed a royal mummy
 67025 | Tomb:3   | Killed a royal mummy
 67084 | Tomb:3   | Identified the +2 battleaxe "Widowmaker" {spect, Str-5
                  | Int+5 Dex+3 SInv}
 67273 | Tomb:3   | Got a golden rune of Zot
 67308 | Tomb:3   | Identified the +2 flail of Dovustrir {flame, +Blink Will+}
 67313 | Tomb:3   | Identified the ring "Jeagiss" {rF+ Dex+4}
 67335 | Tomb:3   | Identified the +7 shadow dragon scales of Nemelex Xobeh's
                  | Pride {rElec Dex+3 Stlth++++}
 67352 | Tomb:3   | Identified the +9 hand axe of the Fool {chaos, rF+ Stlth+}
 67359 | Tomb:3   | Identified the +6 scale mail of the Tormentor {rC++}
 67364 | Tomb:3   | Identified the +9 flail "Hefacw" {venom, rElec rC- rN+}
 68188 | Orc:2    | Bought a +1 pair of boots of rampaging for 198 gold pieces
 68439 | Orc:1    | Bought a ring of resist corrosion for 220 gold pieces
 68595 | Slime:1  | Entered Level 1 of the Pits of Slime
 68806 | Slime:2  | You fall into a shaft and drop 2 floors!
 69016 | Slime:2  | Noticed Dissolution
 69033 | Slime:2  | Killed Dissolution
 70442 | Slime:5  | Entered Level 5 of the Pits of Slime
 70998 | Slime:5  | Noticed the Royal Jelly
 71008 | Slime:5  | Killed the Royal Jelly
 71009 | Slime:5  | Reached skill level 10 in Air Magic
 71016 | Slime:5  | Identified the +0 pair of boots "Ahevoshru" {rC+ Int+3}
 71082 | Slime:5  | Identified the ring "Pulibb" {MP+9 Str-5 Int+5 Dex+3}
 71102 | Slime:5  | Got a slimy rune of Zot
 71103 | Slime:5  | Identified the +6 whip "Aliuz" {freeze, rElec}
 71150 | Slime:5  | Identified the +1 leather armour "Tuadip" {Str+4}
 71415 | Slime:5  | Learned a level 5 spell: Yara's Violent Unravelling
 71419 | Slime:5  | Learned a level 1 spell: Apportation
 71425 | Slime:5  | Learned a level 5 spell: Lee's Rapid Deconstruction
 71434 | Slime:5  | Learned a level 8 spell: Maxwell's Capacitive Coupling
 71810 | Zig:1    | Entered Level 1 of a ziggurat
 71846 | Zig:2    | Entered Level 2 of a ziggurat
 71862 | Zig:3    | Entered Level 3 of a ziggurat
 71907 | Zig:4    | Entered Level 4 of a ziggurat
 71908 | Zig:4    | Noticed a royal mummy
 71914 | Zig:4    | Killed a royal mummy
 71942 | Zig:5    | Entered Level 5 of a ziggurat
 71961 | Zig:5    | Identified the ring of Tyisaff {Dex+5 Slay+4}
 71967 | Zig:6    | Entered Level 6 of a ziggurat
 72009 | Zig:6    | Identified the ring "Yfipec" {rC+ Str+3 SInv Stlth+}
 72044 | Zig:7    | Entered Level 7 of a ziggurat
 72050 | Zig:7    | Noticed Kyettaun the pandemonium lord
 72057 | Zig:7    | Killed Kyettaun the pandemonium lord
 72082 | Zig:7    | Identified the +2 plate armour "Muts" {*Corrode Str+4
                  | Dex+3}
 72090 | Zig:7    | Identified the +1 glaive of Otok {pain, ^Contam rC+ Stlth+}
 72097 | Zig:8    | Entered Level 8 of a ziggurat
 72131 | Zig:8    | Identified the ring of Free Will {rC+ MP+9}
 72172 | Zig:9    | Entered Level 9 of a ziggurat
 72178 | Zig:9    | Noticed a royal mummy
 72187 | Zig:9    | Killed a royal mummy
 72228 | Zig:10   | Entered Level 10 of a ziggurat
 72300 | Zig:11   | Entered Level 11 of a ziggurat
 72326 | Zig:11   | Identified the staff of the End of Times {*Slow rElec Str+4
                  | SInv Air}
 72330 | Zig:11   | Identified the +6 lajatang "Juhy" {freeze, rF++ Int+2}
 72338 | Zig:11   | Identified the +0 chain mail "Teisodu" {Rampage Int+2}
 72366 | Zig:12   | Entered Level 12 of a ziggurat
 72378 | Zig:12   | Gained mutation: You are clumsy. (Dex -2) [a shining eye]
 72395 | Zig:12   | Identified the +10 great mace of Oozing Pus {freeze, Dex+2}
 72399 | Zig:12   | Acquired a manual of Air Magic
 72403 | Zig:12   | Identified the +9 long sword of Checkmate {vamp, Str+3
                  | Dex+3}
 72407 | Zig:12   | Identified the staff of Impeachment {rC+ rCorr Stlth+ Ice}
 72450 | Zig:13   | Entered Level 13 of a ziggurat
 72509 | Zig:14   | Entered Level 14 of a ziggurat
 72552 | Zig:14   | Identified the +3 flail of the Ecumenical Temple {venom,
                  | ^Contam rElec rN+++}
 72563 | Zig:14   | Identified the +6 scimitar "Death Rattle" {venom, Int+3}
 72593 | Zig:15   | Entered Level 15 of a ziggurat
 72611 | Zig:15   | Paralysed by an air elemental for 1 turns
 72613 | Zig:15   | Found the +10 Black Knight's barding {ponderous, rPois rN+}
 72695 | Zig:16   | Entered Level 16 of a ziggurat
 72713 | Zig:16   | Killed Woarapya the pandemonium lord
 72714 | Zig:16   | Reached skill level 15 in Air Magic
 72754 | Zig:16   | Identified the +4 quarterstaff of Frustration {pain, rElec
                  | MP+9 Str+2}
 72834 | Zig:17   | Entered Level 17 of a ziggurat
 72844 | Zig:17   | Paralysed by an air elemental for 1 turns
 72906 | Zig:17   | Identified the +9 rapier of Fogeskatu {heavy, Will+ Dex+2}
 72913 | Zig:17   | Identified the +0 helmet of Complete Protection {+Blink
                  | rElec Will+ Str-4}
 72920 | Zig:17   | Identified the +0 robe of Philately {Fly rN+ Will-}
 72943 | Zig:18   | Entered Level 18 of a ziggurat
 73030 | Zig:18   | Identified the amulet of Tuhagy {Reflect rF+ Regen+ SH+5}
 73051 | Zig:18   | Identified the +8 orcbow of the Extremes {flame, rC+++
                  | Dex+2}
 73058 | Zig:18   | Identified the ring "Dojihulo" {rN+ Dex+8 SInv}
 73068 | Zig:18   | Identified the staff of Etajidgh {rElec rC- Int+4 Air}
 73069 | Zig:18   | Identified the +1 pair of gloves of the Valley of Death
                  | {rElec rN+}
 73095 | Zig:19   | Entered Level 19 of a ziggurat
 73121 | Zig:19   | Found the +8 demon trident "Rift" {distort, reach+}
 73155 | Zig:19   | Identified the ring of Voczi {Fire Int+7 Stlth-}
 73158 | Zig:19   | Got the Handbook of Formation and Carrion
 73210 | Zig:19   | Learned a level 4 spell: Manifold Assault
 73211 | Zig:20   | Entered Level 20 of a ziggurat
 73231 | Zig:20   | Noticed Fiusean's ghost (veteran MiBe)
 73233 | Zig:20   | Noticed Wiesk's ghost (legendary DDFi)
 73238 | Zig:20   | Noticed Ideustev's ghost (legendary AtBe)
 73242 | Zig:20   | Noticed Siupsuvve's ghost (veteran MiBe)
 73243 | Zig:20   | Noticed Waphaim's ghost (veteran DsDe)
 73243 | Zig:20   | Noticed Anyleklu's ghost (legendary HOFi)
 73245 | Zig:20   | Noticed Waphaim's ghost (veteran DsDe)
 73245 | Zig:20   | Noticed Truedra's ghost (legendary DrSh)
 73246 | Zig:20   | Noticed 1n5z's ghost (master DEAl)
 73247 | Zig:20   | Noticed Pyfud Mepa's ghost (legendary AtFi)
 73247 | Zig:20   | Noticed Yxuenos's ghost (legendary DsFi)
 73249 | Zig:20   | Noticed Ideustev's ghost (legendary AtBe)
 73255 | Zig:20   | Killed 1n5z's ghost
 73256 | Zig:20   | Killed Waphaim's ghost
 73256 | Zig:20   | Killed Fiusean's ghost
 73259 | Zig:20   | Killed Siupsuvve's ghost
 73263 | Zig:20   | Killed Pyfud Mepa's ghost
 73264 | Zig:20   | Killed Wiesk's ghost
 73264 | Zig:20   | Killed Waphaim's ghost
 73265 | Zig:20   | Killed Ideustev's ghost
 73268 | Zig:20   | Killed Ideustev's ghost
 73274 | Zig:20   | Killed Truedra's ghost
 73441 | Zig:20   | Killed Yxuenos's ghost
 73492 | Zig:20   | Killed Anyleklu's ghost
 73509 | Zig:20   | Got the Octavo of Command
 73511 | Zig:20   | Identified the +0 chain mail "Seffekh" {rF+ rC+ Dex+4}
 73514 | Zig:20   | Got the Encyclopedia of Foggy Congelation
 73593 | Zig:21   | Entered Level 21 of a ziggurat
 73669 | Zig:21   | Identified the +7 trident of Acoriur {elec, rC+ Str+3}
 73670 | Zig:21   | Identified the +9 hand axe "Xuakain" {vamp, rElec rN++}
 73679 | Zig:21   | Identified the +5 flail of Ellul {freeze, rElec rF+}
 73690 | Zig:21   | Identified the ring of Danac {Str+6 Int+3}
 73730 | Zig:22   | Entered Level 22 of a ziggurat
 73764 | Zig:22   | Paralysed by a wendigo for 1 turns
 73801 | Zig:22   | Identified the +2 war axe "Coskypru" {vamp, Int+4}
 73804 | Zig:22   | Identified the +3 halberd "Cataxef" {freeze, rElec SInv}
 73813 | Zig:22   | Got Vuuc's Meditations on the Massed Caves
 73821 | Zig:22   | Identified the +1 scale mail of Lomotzep {Will++}
 73832 | Zig:22   | Identified the +3 spear "Killer Klown's Doom" {freeze,
                  | rElec Will+ Dex-5}
 73863 | Zig:22   | Lost mutation: Armour fits poorly on your strangely shaped
                  | body. [potion of mutation]
 73863 | Zig:22   | Lost mutation: You passively dampen the noise of your
                  | surroundings. [potion of mutation]
 73863 | Zig:22   | Gained mutation: You occasionally shout uncontrollably at
                  | your foes. [potion of mutation]
 73863 | Zig:22   | Gained mutation: Your muscles are strong. (Str +4, Int/Dex
                  | -1) [potion of mutation]
 73863 | Zig:22   | Gained mutation: You are partially covered in iridescent
                  | scales. (AC +2) [potion of mutation]
 73864 | Zig:22   | Lost mutation: Your muscles are strong. (Str +4, Int/Dex
                  | -1) [potion of mutation]
 73864 | Zig:22   | Lost mutation: You are partially covered in iridescent
                  | scales. (AC +2) [potion of mutation]
 73864 | Zig:22   | Lost mutation: Your health recovers twice as slowly from
                  | being drained. [potion of mutation]
 73864 | Zig:22   | Gained mutation: You are partially covered in large bone
                  | plates. (SH +4) [potion of mutation]
 73864 | Zig:22   | Gained mutation: Your muscles are strong. (Str +4, Int/Dex
                  | -1) [potion of mutation]
 73865 | Zig:22   | Lost mutation: You are clumsy. (Dex -2) [potion of
                  | mutation]
 73865 | Zig:22   | Lost mutation: You occasionally shout uncontrollably at
                  | your foes. [potion of mutation]
 73865 | Zig:22   | Lost mutation: Your muscles are strong. (Str +4, Int/Dex
                  | -1) [potion of mutation]
 73865 | Zig:22   | Gained mutation: Your spells are a little easier to cast,
                  | but a little less powerful. [potion of mutation]
 73865 | Zig:22   | Gained mutation: You are covered in fur. (AC +1) [potion of
                  | mutation]
 73866 | Zig:22   | Lost mutation: You are partially covered in large bone
                  | plates. (SH +4) [potion of mutation]
 73866 | Zig:22   | Lost mutation: Your spells are a little easier to cast, but
                  | a little less powerful. [potion of mutation]
 73866 | Zig:22   | Lost mutation: You are covered in fur. (AC +1) [potion of
                  | mutation]
 73866 | Zig:22   | Gained mutation: You occasionally lose the ability to drink
                  | potions when taking damage. [potion of mutation]
 73866 | Zig:22   | Gained mutation: You are partially covered in iridescent
                  | scales. (AC +2) [potion of mutation]
 73866 | Zig:22   | Gained mutation: You have a pair of small antennae on your
                  | head. [potion of mutation]
 73867 | Zig:22   | Lost mutation: You are frail. (-10% HP) [potion of
                  | mutation]
 73867 | Zig:22   | Lost mutation: You have a pair of small antennae on your
                  | head. [potion of mutation]
 73867 | Zig:22   | Lost mutation: You are partially covered in iridescent
                  | scales. (AC +2) [potion of mutation]
 73867 | Zig:22   | Gained mutation: You possess an exceptional clarity of
                  | mind. [potion of mutation]
 73867 | Zig:22   | Gained mutation: Your movements are slightly less
                  | encumbered by armour. (ER -2) [potion of mutation]
 73868 | Zig:22   | Lost mutation: Your movements are slightly less encumbered
                  | by armour. (ER -2) [potion of mutation]
 73868 | Zig:22   | Lost mutation: You possess an exceptional clarity of mind.
                  | [potion of mutation]
 73868 | Zig:22   | Gained mutation: You are clumsy. (Dex -2) [potion of
                  | mutation]
 73868 | Zig:22   | Gained mutation: You possess an exceptional clarity of
                  | mind. [potion of mutation]
 73868 | Zig:22   | Gained mutation: You are partially covered in iridescent
                  | scales. (AC +2) [potion of mutation]
 73869 | Zig:22   | Lost mutation: You occasionally lose the ability to drink
                  | potions when taking damage. [potion of mutation]
 73869 | Zig:22   | Lost mutation: You possess an exceptional clarity of mind.
                  | [potion of mutation]
 73869 | Zig:22   | Lost mutation: You are partially covered in iridescent
                  | scales. (AC +2) [potion of mutation]
 73869 | Zig:22   | Gained mutation: Your natural rate of healing is unusually
                  | fast. [potion of mutation]
 73869 | Zig:22   | Gained mutation: You expend magic power (3 MP) to
                  | strengthen your wands. [potion of mutation]
 73906 | Zig:23   | Entered Level 23 of a ziggurat
 74128 | Zig:23   | Identified the +5 chain mail "Qoros" {*Slow Fly rCorr}
 74136 | Zig:23   | Identified the staff "Soyhuet" {rC- rN+ Str+4 Necro}
 74137 | Zig:23   | Identified the +1 ring mail of the Fletcher {Fly Str-3
                  | Int-2 Dex+10}
 74144 | Zig:24   | Entered Level 24 of a ziggurat
 74156 | Zig:24   | Noticed Ideustev's ghost (legendary AtBe)
 74157 | Zig:24   | Noticed Obrefem's ghost (legendary HaHu)
 74159 | Zig:24   | Noticed Siupsuvve's ghost (veteran MiBe)
 74159 | Zig:24   | Noticed Siupsuvve's ghost (veteran MiBe)
 74159 | Zig:24   | Noticed Ideustev's ghost (legendary AtBe)
 74159 | Zig:24   | Noticed Wiesk's ghost (legendary DDFi)
 74161 | Zig:24   | Noticed Anyleklu's ghost (legendary HOFi)
 74172 | Zig:24   | Killed Siupsuvve's ghost
 74176 | Zig:24   | Killed Ideustev's ghost
 74208 | Zig:24   | Noticed Pec Iss's ghost (legendary BaAr)
 74214 | Zig:24   | Noticed Pec Iss's ghost (legendary BaAr)
 74221 | Zig:24   | Noticed Yxuenos's ghost (legendary DsFi)
 74222 | Zig:24   | Killed Siupsuvve's ghost
 74222 | Zig:24   | Noticed Siupsuvve's ghost (veteran MiBe)
 74223 | Zig:24   | Noticed Obrefem's ghost (legendary HaHu)
 74226 | Zig:24   | Identified the +9 arbalest "Joynorov" {drain, ^Drain rC+
                  | Dex+5}
 74228 | Zig:24   | Identified the +10 chain mail of the Butterfly {rCorr SInv}
 74235 | Zig:25   | Entered Level 25 of a ziggurat
 74277 | Zig:25   | Noticed Giejukej the pandemonium lord
 74280 | Zig:25   | Killed Giejukej the pandemonium lord
 74284 | Zig:25   | Identified the +10 short sword of the Beast {drain, rF+
                  | Will+}
 74286 | Zig:26   | Entered Level 26 of a ziggurat
 74325 | Zig:26   | Noticed an orb of fire
 74330 | Zig:26   | Noticed an orb of fire
 74330 | Zig:26   | Noticed an orb of fire
 74335 | Zig:26   | Killed an orb of fire
 74337 | Zig:26   | Killed an orb of fire
 74337 | Zig:26   | Killed an orb of fire
 74341 | Zig:26   | Noticed an orb of fire
 74342 | Zig:26   | Noticed an orb of fire
 74342 | Zig:26   | Noticed an orb of fire
 74342 | Zig:26   | Noticed an orb of fire
 74344 | Zig:26   | Gained mutation: You are weak. (Str -2) [an orb of fire]
 74345 | Zig:26   | Killed an orb of fire
 74346 | Zig:26   | Killed an orb of fire
 74346 | Zig:26   | Killed an orb of fire
 74346 | Zig:26   | Killed an orb of fire
 74368 | Zig:26   | Identified the ring "Xyodgh" {rPois rF+ rN+ rCorr SInv}
 74370 | Zig:26   | Identified the +0 scale mail of Gehenna {rElec Will- Int-2
                  | Dex+6}
 74374 | Zig:26   | Identified the +10 spear "Eplale" {freeze, Str+3}
 74390 | Zig:26   | Identified the +1 pearl dragon scales of Fortification {rN+
                  | Will++ Int+3}
 74479 | Zig:27   | Entered Level 27 of a ziggurat
 74517 | Zig:27   | Paralysed by accursed screaming for 1 turns
 74519 | Zig:27   | Noticed a dread lich
 74578 | Zig:27   | Paralysed by accursed screaming for 1 turns
 74602 | Zig:27   | Gained mutation: You sometimes lose your temper in combat.
                  | [a neqoxec]
 74606 | Zig:27   | Paralysed by accursed screaming for 1 turns
 74660 | Zig:27   | Gained mutation: You are frail. (-10% HP) [a shining eye]
 74703 | Zig:27   | Paralysed by a dread lich for 4 turns
 74710 | Zig:27   | Killed a dread lich
 74790 | Zig:27   | Identified the orb of Viuhil {light, rC- rN+ Str+2 Hexes}
 74798 | Zig:27   | Identified the +2 battleaxe "Bytty" {venom, rC++ Will+
                  | Int-4 Dex+4}
 74810 | Zig:27   | Got Sif Muna's Lectures on Shocking Topomancy
 74950 | Depths:1 | Bought a potion of curing for 42 gold pieces
 74950 | Depths:1 | Bought a potion of curing for 42 gold pieces
 74950 | Depths:1 | Bought a potion of invisibility for 112 gold pieces
 74950 | Depths:1 | Bought a potion of might for 56 gold pieces
 74950 | Depths:1 | Bought a potion of magic for 112 gold pieces
 74950 | Depths:1 | Bought a potion of curing for 42 gold pieces
 74952 | Depths:1 | Bought a potion of brilliance for 64 gold pieces
 74952 | Depths:1 | Bought a potion of curing for 48 gold pieces
 74952 | Depths:1 | Bought a potion of curing for 48 gold pieces
 74952 | Depths:1 | Bought a potion of might for 64 gold pieces
 74952 | Depths:1 | Bought a potion of ambrosia for 128 gold pieces
 74952 | Depths:1 | Bought a potion of curing for 48 gold pieces
 74952 | Depths:1 | Bought a potion of brilliance for 64 gold pieces
 74958 | Depths:1 | Bought a scroll of fog for 156 gold pieces
 74958 | Depths:1 | Bought a scroll of fog for 156 gold pieces
 75220 | Vaults:3 | You paid a toll of 7 scrolls of fog to enter a treasure
                  | trove
 75221 | Trove    | Entered a treasure trove
 75223 | Trove    | Identified the ring "Tathrior" {*Corrode rF+ rN+ Will+
                  | Str+6}
 75225 | Trove    | Identified the amulet "Imuxt" {+Inv RegenMP+ Int+2 Stlth+}
 75229 | Trove    | Identified the ring of Red Wine {rPois Str+3}
 75231 | Trove    | Identified the ring of Xoseer {rC+ rN+ AC+4}
 75233 | Trove    | Identified the ring "Ipli" {rC+ rN+}
 75236 | Trove    | Identified the amulet "Vamuqo" {Faith rPois rF+ Will+}
 75240 | Trove    | Identified the amulet "Fumenes" {Faith Rampage SInv}
 75242 | Trove    | Identified the ring "Luomas" {*Slow Fly rPois Will+ Int+4
                  | Dex+2}
 75689 | D:14     | Bought a manual of Long Blades for 1440 gold pieces
 75899 | D:3      | Bought a potion of attraction for 36 gold pieces
 75899 | D:3      | Bought 2 potions of cancellation for 192 gold pieces
 75899 | D:3      | Bought a potion of haste for 120 gold pieces
 75899 | D:3      | Bought 2 potions of cancellation for 192 gold pieces
 76144 | Orc:2    | Bought a wand of roots (5) for 168 gold pieces
 76418 | Vaults:5 | Bought a potion of cancellation for 184 gold pieces
 76418 | Vaults:5 | Bought a potion of haste for 230 gold pieces
 76418 | Vaults:5 | Bought a potion of curing for 69 gold pieces
 76418 | Vaults:5 | Bought a potion of brilliance for 92 gold pieces
 76418 | Vaults:5 | Bought a potion of heal wounds for 115 gold pieces
 76418 | Vaults:5 | Bought a potion of attraction for 69 gold pieces
 76418 | Vaults:5 | Bought a potion of resistance for 230 gold pieces
 76680 | Orc:2    | Bought a sack of spiders for 560 gold pieces
 76905 | Depths:2 | Learned a level 5 spell: Summon Mana Viper
 76919 | Pan      | Entered Pandemonium
 76942 | Pan      | Lost mutation: You are frail. (-10% HP) [potion of
                  | mutation]
 76942 | Pan      | Lost mutation: You are weak. (Str -2) [potion of mutation]
 76942 | Pan      | Gained mutation: You have a somewhat thin skeletal
                  | structure. (Dex +2, Stealth+) [potion of mutation]
 76942 | Pan      | Gained mutation: You passively map a small area around you.
                  | [potion of mutation]
 76943 | Pan      | Lost mutation: You are clumsy. (Dex -2) [potion of
                  | mutation]
 76943 | Pan      | Lost mutation: You sometimes lose your temper in combat.
                  | [potion of mutation]
 76943 | Pan      | Lost mutation: You have a somewhat thin skeletal structure.
                  | (Dex +2, Stealth+) [potion of mutation]
 76943 | Pan      | Gained mutation: You possess an exceptional clarity of
                  | mind. [potion of mutation]
 76943 | Pan      | Gained mutation: Your body sometimes deteriorates upon
                  | taking damage. [potion of mutation]
 76943 | Pan      | Gained mutation: Your muscles are strong. (Str +4, Int/Dex
                  | -1) [potion of mutation]
 77077 | Pan      | Noticed Wouqaycs the pandemonium lord
 77836 | Pan      | Killed Wouqaycs the pandemonium lord
 78618 | Pan      | Found a runed translucent door.
 78634 | Pan      | Got a demonic rune of Zot
 79104 | Pan      | Noticed Lukid the pandemonium lord
 79115 | Pan      | Killed Lukid the pandemonium lord
 79200 | Pan      | Identified the staff of the End of Times {rPois rC+ Stlth+
                  | Alchemy}
 79208 | Pan      | Entered the realm of Gloorx Vloq.
 79278 | Pan      | Found an exit through the horrors of the Abyss.
 79381 | Pan      | Reached skill level 27 in Spellcasting
 79891 | Pan      | Noticed Gloorx Vloq
 79931 | Pan      | Killed Gloorx Vloq
 79953 | Pan      | Got a dark rune of Zot
 80090 | Pan      | Entered the realm of Mnoleg.
 80470 | Pan      | Noticed Mnoleg
 80485 | Pan      | Killed Mnoleg
 80640 | Pan      | Found an exit through the horrors of the Abyss.
 80960 | Pan      | Got a glowing rune of Zot
 81119 | Pan      | Found a huge runed translucent gate.
 81125 | Pan      | Found a huge runed translucent gate.
 81126 | Pan      | Found a huge runed translucent gate.
 81133 | Pan      | Found a huge runed translucent gate.
 81375 | Pan      | Entered the realm of Lom Lobon.
 81686 | Pan      | Noticed Lom Lobon
 81693 | Pan      | Killed Lom Lobon
 81719 | Pan      | Got a magical rune of Zot
 81865 | Pan      | Entered the realm of Cerebov.
 81901 | Pan      | Found an exit through the horrors of the Abyss.
 82181 | Pan      | Found the +6 sword of Cerebov {flame}
 82181 | Pan      | Noticed Cerebov
 82186 | Pan      | Killed Cerebov
 82291 | Pan      | Got a fiery rune of Zot
 82410 | Pan      | Identified the amulet "Itud" {Faith Stlth+}
 82562 | Pan      | Identified the ring "Zaawech" {Ice rElec rPois Str-3 Int+5}
 82694 | Pan      | Got the Compendium of Geometric Decomposition
 82800 | Pan      | Took an exit into the Abyss.
 82800 | Abyss:3  | Escaped into the Abyss
 83100 | Abyss:4  | Reached skill level 27 in Ice Magic
 83161 | Abyss:4  | Got an abyssal rune of Zot
 83365 | Depths:2 | Escaped the Abyss
 83628 | Hell     | Entered the Vestibule of Hell
 83628 | Hell     | Noticed Geryon
 83644 | Hell     | Killed Geryon
 83713 | Hell     | Found a gateway to the decaying netherworld of Tartarus.
 83829 | Hell     | Found a gateway to the Iron City of Dis.
 83874 | Hell     | Found a gateway to the freezing wastes of Cocytus.
 83970 | Hell     | Found a gateway to the ashen valley of Gehenna.
 83988 | Geh:1    | Entered Level 1 of Gehenna
 84797 | Geh:7    | Entered Level 7 of Gehenna
 85866 | Geh:7    | Found the +13 sceptre of Asmodeus
 85866 | Geh:7    | Noticed Asmodeus
 85885 | Geh:7    | Killed Asmodeus
 85997 | Geh:7    | Got an obsidian rune of Zot
 86142 | Coc:1    | Entered Level 1 of Cocytus
 86405 | Coc:3    | Paralysed by a wendigo for 1 turns
 86645 | Coc:4    | Paralysed by a wendigo for 1 turns
 86765 | Coc:4    | Paralysed by a wendigo for 1 turns
 86932 | Coc:6    | Paralysed by a wendigo for 1 turns
 87109 | Coc:7    | Entered Level 7 of Cocytus
 87216 | Coc:7    | Reached skill level 5 in Evocations
 87464 | Coc:7    | Reached skill level 10 in Translocations
 87588 | Coc:7    | Found the +5 robe of Night {Dark Will+ SInv}
 87976 | Coc:7    | Paralysed by a wendigo for 1 turns
 88272 | Coc:7    | Identified the +7 great sword of Sin {flame, Int+4 SInv}
 88272 | Coc:7    | Noticed Antaeus
 88277 | Coc:7    | Killed Antaeus
 88303 | Coc:7    | Identified the scarf "Quattuloaq" {shadows, rElec rPois
                  | Dex+2}
 88314 | Coc:7    | Identified the ring of Vunyar {*Slow rC++ Will+ Int+6
                  | Dex-5}
 88319 | Coc:7    | Got an icy rune of Zot
 88457 | Tar:1    | Entered Level 1 of Tartarus
 88842 | Tar:4    | You fall into a shaft and drop 2 floors!
 88947 | Tar:7    | Entered Level 7 of Tartarus
 90250 | Tar:7    | Noticed Ereshkigal
 90314 | Tar:7    | Killed Ereshkigal
 90476 | Tar:7    | Got a bone rune of Zot
 90764 | Dis:1    | Entered Level 1 of the Iron City of Dis
 91638 | Dis:6    | Reached skill level 10 in Evocations
 91917 | Dis:6    | Noticed an ancient lich
 91920 | Dis:6    | Killed an ancient lich
 92023 | Dis:6    | Found a burning altar of Makhleb.
 92331 | Dis:7    | Entered Level 7 of the Iron City of Dis
 92539 | Dis:7    | Noticed a dread lich
 92551 | Dis:7    | Killed a dread lich
 92892 | Dis:7    | Noticed a juggernaut
 92895 | Dis:7    | Killed a juggernaut
 92982 | Dis:7    | Found the +1 robe of Vines {NoPotionHeal Regen++++}
 92991 | Dis:7    | Identified the +4 shortbow of Defence {drain, rN++ Dex+2}
 92993 | Dis:7    | Got the Vellum of Injury
 92994 | Dis:7    | Identified the ring of the Treeataur {rCorr Str+5}
 93002 | Dis:7    | Identified the +6 scale mail "Xovougg" {Rampage Dex+3}
 93003 | Dis:7    | Identified the ring of Uxut {Wiz rPois}
 93017 | Dis:7    | Identified the staff of Weitif {rF+ rC+ rN+ MP+9 Int-3 Ice}
 93227 | Dis:7    | Reached skill level 27 in Armour
 93962 | Dis:7    | Reached skill level 27 in Fighting
 94542 | Dis:7    | Reached skill level 27 in Dodging
 94563 | Dis:7    | Reached skill level 27 in Long Blades
 95027 | Dis:7    | Noticed a juggernaut
 95030 | Dis:7    | Killed a juggernaut
 95096 | Dis:7    | Noticed Dispater
 95103 | Dis:7    | Killed Dispater
 95118 | Dis:7    | Found the +8 demon blade "Leech" {evervamp, Harm ^Drain
                  | rN+}
 95122 | Dis:7    | Identified the ring "Gify" {rPois rC+ rN+ Will+}
 95126 | Dis:7    | Got an iron rune of Zot
 96143 | Zot:5    | Reached skill level 27 in Shapeshifting
 96389 | Zot:5    | Noticed an orb of fire
 96391 | Zot:5    | Noticed an orb of fire
 96392 | Zot:5    | Reached skill level 15 in Evocations
 96395 | Zot:5    | Gained mutation: You are dopey. (Int -2) [an orb of fire]
 96398 | Zot:5    | Killed an orb of fire
 96398 | Zot:5    | Noticed an orb of fire
 96398 | Zot:5    | Noticed an ancient lich
 96399 | Zot:5    | Killed an orb of fire
 96412 | Zot:5    | Gained mutation: You have hidden genetic potential. [an orb
                  | of fire]
 96509 | Zot:5    | Killed an orb of fire
 96519 | Zot:5    | Killed a dread lich
 96522 | Zot:5    | Killed an ancient lich
 96537 | Zot:5    | Noticed an ancient lich
 96549 | Zot:5    | Killed an ancient lich
 97620 | Zot:5    | Got the Orb of Zot
 97886 | D:15     | Noticed Kaosesh the pandemonium lord
 97890 | D:15     | Noticed an ancient lich
 98135 | D:6      | Noticed Teupsif the pandemonium lord
 98140 | D:6      | Killed Teupsif the pandemonium lord
 98305 | D:$      | Escaped with the Orb!

Illustrated notes

Levels and vault maps discovered:
D:1:      moated_graveyard_arrival, layout_loops_corners,
          chequers_serial_rivers_micro_e
D:2:      layout_basic, uniq_robin, uniq_crazy_yiuf_cottage
D:3:      layout_basic, serial_shops, shop
D:4:      layout_basic, nicolae_gozag_conspicuous_consumption,
          mainiacjoe_overflow_alcove_1, nicolae_sif_muna_little_library,
          temple_doors_cd, minmay_statues_item, uniq_duvessa,
          uniq_blork_the_orc, uniq_ijyb
D:5:      layout_cave_pools, nicolae_ashenzari_panopticon,
          mainiacjoe_overflow_concentric_impassable, minmay_checkerbox
D:6:      cheibrodos_thug_alley, layout_loops_ring, lemuel_round_altar
D:7:      layout_basic, bh_circular_ruins
D:8:      layout_loops_ring, mainiacjoe_overflow_paths, uniq_maggie
D:9:      layout_roguey, nicolae_dithmenos_shadow_blocks,
          minmay_lair_entry_grove, hangedman_fish_farm
D:10:     layout_small_grid, nicolae_overflow_hidden_temple,
          gammafunk_ghost_cemetery
D:11:     layout_irregular_city, david_orc_1_choice, uniq_amaemon, uniq_fannar
D:12:     minmay_goldmine, layout_stronghold, minmay_misc_feat_iff, uniq_psyche
D:13:     layout_roguey, david_vaults_4, chequers_serial_rivers_large_b,
          item_on_display_a, uniq_kirke
D:14:     layout_small_grid, serial_shops, shop_statue,
          kennysheep_cluttered_room
D:15:     grunt_enter_depths_giant_problem, layout_loops_corners,
          roderic_lattice_a
Temple:   cyrus_circular_temple
Lair:1:   layout_cave_pods
Lair:2:   layout_long_grid, elwin_shoals_entry_stream, dummy_snake_entry
Lair:3:   layout_loops_ring, nzn_random_ring, uniq_gastronok
Lair:4:   layout_small_grid, minmay_slime_entry_jelly_boxes, special_room
          [special_room_bee], chequers_serial_rivers_small_3,
          serial_bayou_shore_b
Lair:5:   hangedman_lair_in_review, layout_loops_ring, pond
Shoals:1: layout_shoals, abandoned_shop
Shoals:2: layout_shoals
Shoals:3: layout_shoals
Shoals:4: shoals_end_simple, layout_shoals, portal_ice_cave_entry_pillars_1,
          nicolae_shoals_undead_eyrie
Snake:1:  layout_basic, gammafunk_ghost_split, basic_altar
Snake:2:  nicolae_aizul_guard, layout_chambers, special_room, uniq_frances
Snake:3:  layout_grid_maze, basic_altar
Snake:4:  snake_hunt, layout_chambers, serial_shops, shop,
          nicolae_large_snake_swirl
Slime:1:  layout_caves
Slime:2:  layout_caves, cheibrodos_slime_lost_civilization_5, uniq_dissolution
Slime:3:  layout_caves
Slime:4:  cheibrodos_slime_lost_civilization_1, layout_caves
Slime:5:  slime_pit_nicolae_amoeboid
Orc:1:    lemuel_ogre_cave, layout_caves, basic_altar, serial_shops,
          nicolae_shop_gaudy_bauble
Orc:2:    st_orc_ogre_mass, layout_caves, serial_shops, shop, shop,
          nicolae_square_shop, nicolae_shop_tiny_statue_garden,
          nicolae_shop_hallway_plus, basic_altar, statue_in_the_mist_lemuel,
          nooodl_orcs_dogs
Elf:1:    layout_gridlike, hangedman_elf_represent, grunt_megastairs_5,
          minmay_shop_grove, uniq_asterion
Elf:2:    elven_hall_of_blades_hangedman_original
          [infiniplex_blade_entry_pillars], layout_gridlike,
          ebering_ghost_rock_garden
Elf:3:    minmay_elf_hall_statues, layout_loops_corners, grunt_megastairs_4
Vaults:1: nicolae_vaults_hexular_roomagon, nicolae_vaults_closet_pinwheel_6,
          nicolae_vaults_prndl, st_check, ontoclasm_vaults_tryst,
          lemuel_angel_altar, nicolae_vaults_mitosis, hangedman_vaults_pinch,
          nicolae_vaults_closet_pinwheel_3, nicolae_vaults_tetromino_T_2,
          hangedman_vaults_snaps, nicolae_vaults_sealed_display,
          ontoclasm_vaults_pinch, nicolae_vaults_layer_cake_slice,
          grunt_vaults_hallway_long, layout_vaults_omnibox
Vaults:2: vaults_dpeg_diagonal, nicolae_vaults_little_squares_5,
          nicolae_vaults_sightless_eye, special_room_vaults [special_room_orc],
          vaults_dpeg_cross, nicolae_vaults_ellipses_ellipsis,
          nicolae_vaults_ninety_degrees, nicolae_vaults_trapezoid_3,
          nicolae_vaults_frosty_reception, vaults_dpeg_hooks,
          layout_vaults_chaotic_city, serial_shops, shop
Vaults:3: nicolae_vaults_trapezoid_layered, v_misc_33, v_misc_10,
          vaults_dpeg_encased_lava, minmay_crypt_entry_simple_plaza,
          nicolae_vaults_weapon_check, v_misc_17, nicolae_vaults_big_ls,
          vaults_room_ringed_pool, nicolae_vaults_closet_pinwheel_2,
          vaults_room_pool, nicolae_vaults_door_testing_chamber,
          nicolae_vaults_storage_room_glass, layout_vaults_omnicross,
          nicolae_trove_entry_isolated
Vaults:4: mu_enter_wizlab_2, ontoclasm_vaults_ring_square,
          nicolae_vaults_yaktaur_gun_rack, nicolae_vaults_shipping_containers_4,
          vaults_mumra_hexcomb, vaults_mumra_hex, nicolae_vaults_six-pack,
          nicolae_vaults_trapezoid_lopsided_1, layout_vaults_quadrants
Vaults:5
Crypt:1:  cheibrodos_crypt_3hun_7po, layout_gridlike, grunt_megastairs_3,
          lemuel_upstairs_altar, grunt_crypt_arrival_webbed
Crypt:2:  layout_misc_corridors, hex_medium, amcnicky_mini_pool_small
Crypt:3:  david_glass_crypt, layout_gridlike, tomb_entry_simple_bobbens
Tomb:1
Tomb:2
Tomb:3
Depths:1: due_jory_tower, layout_cave_shapes, hangedman_coc_ice_floe,
          minmay_checkered_concentric_circles, minmay_shop_star
Depths:2: minmay_central_circle, layout_gridlike, enter_ziggurat_c, hell_entry,
          abyss_entry_small_statue_room, rand_demon_pan_entry_8, uniq_josephina
Depths:3: minmay_haunted_quarter, layout_cross, abyss_entry, serial_shops,
          bzr_in_the_mist, dreamdust_wishing_well, serial_bayou,
          serial_bayou_crossing, serial_bayou_lagoon_b, serial_bayou_lagoon_a,
          serial_bayou_ford_a, grunt_hell_entry_dis_old,
          nicolae_ru_great_annihilating_truth,
          minmay_staircase_statues_hall_small, uniq_vv
Depths:4: evilmike_zot_entry_diamond, layout_cave_pools, minmay_misc_feat_doors,
          hell_entry, serial_shops, shop, serial_column_ruins,
          column_ruins_hut_ruined, column_ruins_hut,
          column_ruins_corridor_dead_end, column_ruins_corridor_straight,
          column_ruins_columns_water, column_ruins_grid_1,
          column_ruins_open_large
Hell
Dis:1:    layout_jigsaw
Dis:2:    nicolae_dis_hell_of_blades
Dis:3:    layout_overlapping_boxes
Dis:4:    layout_jigsaw, hangedman_dis_decor_tower
Dis:5:    layout_gridville
Dis:6:    kennysheep_iron_temple, layout_gridville
Dis:7:    dis_st
Geh:1:    layout_gehenna_pools_triple
Geh:2:    layout_gehenna_lava_caves
Geh:3:    layout_gehenna_lava_caves, tekkud_geh_sculpture_garden
Geh:4:    layout_gehenna_lava_caves
Geh:5:    hangedman_generic_boss_arena
Geh:6:    nicolae_hells_giants_party, layout_gehenna_pools_basic
Geh:7:    geh_hangedman
Coc:1:    layout_cocytus_water_paths
Coc:2:    layout_ice_bergs, amcnicky_altar_lugonu_corruption
Coc:3:    layout_cocytus_water_paths
Coc:4:    layout_ice_bergs
Coc:5:    layout_ice_bergs
Coc:6:    layout_cocytus_delve
Coc:7:    coc_hangedman
Tar:1:    layout_grid_maze
Tar:2:    layout_grid_maze
Tar:3:    layout_grid_maze
Tar:4:    layout_catacombs
Tar:6:    layout_cathedral_of_symmetry
Tar:7:    tar_mu [tar_mu_maze]
Zot:1:    gammafunk_mikee_crab_dinner, layout_misc_corridors, uniq_parghit
Zot:2:    layout_onion
Zot:3:    layout_onion, regret_index_zotdec_split_disrupt, lemuel_lake_of_fire
Zot:4:    layout_twisted_circle, zot_minivault_6
Zot:5:    layout_gridville

Skill      XL: |  1  2  3  4  5  6  7  8  9 10 11 12 13 14 15 16 17 18 19 20 21 22 23 24 25 26 27 |
---------------+----------------------------------------------------------------------------------+-----
Fighting       | 2 4 5 6 8 9 10 11 12 13 14 15 16 17 18 27 | 27.0
Evocations     | 4 19 | 19.6
Long Blades    | 3 6 9 10 12 14 16 17 18 27 | 27.0
Dodging        | 2 4 6 7 8 9 11 12 13 14 15 16 17 18 27 | 27.0
Shapeshifting  | 4 7 9 12 14 16 17 18 27 | 27.0
Spellcasting   | 3 6 8 10 12 13 15 17 18 19 20 27 | 27.0
Hexes          | 3 7 9 12 13 15 16 17 18 25 | 25.0
Air Magic      | 3 7 9 25 | 25.0
Ice Magic      | 3 9 14 17 18 20 22 23 24 25 27 | 27.0
Conjurations   | 1 4 5 6 |  6.0
Alchemy        | 3 6 7 |  7.0
Translocations | 2 4 6 12 | 12.0
Armour         | 3 6 7 9 10 27 | 27.0
Earth Magic    | 1 4 6 9 |  9.0
Stealth        | |  0.8

Action                     |  1- 3 |  4- 6 |  7- 9 | 10-12 | 13-15 | 16-18 | 19-21 | 22-24 | 25-27 || total
---------------------------+-------+-------+-------+-------+-------+-------+-------+-------+-------++-------
  Melee: Club              |    38 |       |       |       |       |       |       |       |       ||    38
         Dagger            |   195 |    53 |       |    11 |     8 |       |       |       |       ||   267
         Long sword        |       |    21 |   537 |       |       |       |       |       |       ||   558
         Scimitar          |       |       |       |   549 |   859 |  1435 |  1393 |   931 |   968 ||  6135
         Short sword       |       |       |       |    14 |       |       |       |       |       ||    14
         Halberd           |       |       |       |       |    25 |       |       |       |       ||    25
         Great sword       |       |       |       |       |       |       |       |       |  1639 ||  1639
         Flamberge         |       |       |       |       |       |       |       |       |  1493 ||  1493
         Staff             |       |       |       |       |       |       |       |       |     4 ||     4
   Fire: Orcbow            |       |       |       |       |     9 |       |       |       |       ||     9
  Throw: Dart              |       |       |       |     3 |     6 |       |       |       |       ||     9
         Throwing net      |       |       |       |       |       |       |       |       |     7 ||     7
   Cast: Silence           |       |       |       |       |       |     2 |    29 |     1 |     8 ||    40
         Mephitic Cloud    |       |       |       |       |       |     1 |     4 |       |       ||     5
         Freezing Cloud    |       |       |       |       |       |    19 |    30 |     2 |     7 ||    58
         Ozocubu's Armour  |       |       |       |       |       |     1 |     2 |       |       ||     3
         Ozocubu's Refrige |       |       |       |       |       |       |     3 |    37 |    84 ||   124
         Lesser Beckoning  |       |       |       |       |       |       |     3 |     3 |    17 ||    23
         Sculpt Simulacrum |       |       |       |       |       |       |    32 |     7 |       ||    39
         Passwall          |       |       |       |       |       |       |     2 |       |    11 ||    13
         Irradiate         |       |       |       |       |       |       |     1 |    11 |    22 ||    34
         Blink             |       |       |       |       |       |       |     1 |       |    13 ||    14
         Polar Vortex      |       |       |       |       |       |       |       |    78 |   391 ||   469
         Discord           |       |       |       |       |       |       |       |     2 |   259 ||   261
         Enfeeble          |       |       |       |       |       |       |       |     2 |    53 ||    55
         Passage of Golubr |       |       |       |       |       |       |       |       |    18 ||    18
         Maxwell's Capacit |       |       |       |       |       |       |       |       |   128 ||   128
         Summon Mana Viper |       |       |       |       |       |       |       |       |    76 ||    76
         Yara's Violent Un |       |       |       |       |       |       |       |       |    29 ||    29
         Apportation       |       |       |       |       |       |       |       |       |    13 ||    13
         Vhi's Electric Ch |       |       |       |       |       |       |       |       |    11 ||    11
         Lee's Rapid Decon |       |       |       |       |       |       |       |       |     4 ||     4
         Manifold Assault  |       |       |       |       |       |       |       |       |     1 ||     1
 Invoke: Serpent's Lash    |       |       |       |     1 |     6 |    12 |     8 |     1 |    12 ||    40
         Heavenly Storm    |       |       |       |       |       |     2 |       |       |     2 ||     4
Ability: Lunge             |     1 |     3 |    28 |    44 |    45 |   106 |    76 |    57 |   302 ||   662
         Hop               |       |     3 |     5 |     1 |     4 |     6 |     2 |     2 |    44 ||    67
         Whirlwind         |       |       |   123 |    56 |   156 |   339 |   232 |    75 |   327 ||  1308
         Wall Jump         |       |       |     3 |     1 |     6 |     2 |     8 |     2 |     6 ||    28
         Begin Untransform |       |       |       |       |       |       |     1 |       |     5 ||     6
  Evoke: Wand              |       |    15 |    14 |     2 |     8 |     3 |     1 |     2 |    21 ||    66
         Condenser vane    |       |       |       |       |     1 |     1 |       |       |     1 ||     3
         Phial of floods   |       |       |       |       |       |       |     2 |       |       ||     2
         Phantom mirror    |       |       |       |       |       |       |     2 |       |     2 ||     4
         Lightning rod     |       |       |       |       |       |       |       |       |     3 ||     3
    Use: Scroll            |       |       |     9 |       |    15 |    11 |     7 |     5 |    80 ||   127
         Potion            |       |       |     2 |       |     2 |     1 |       |     1 |    82 ||    88
   Stab: Sleeping          |       |       |     2 |     2 |    10 |     7 |     1 |       |     6 ||    28
         Distracted        |       |       |     2 |       |     3 |     3 |     4 |       |    12 ||    24
         Confused          |       |       |       |       |       |     2 |     3 |       |     1 ||     6
         Betrayed ally     |       |       |       |       |       |     1 |       |       |       ||     1
         Held in net/web   |       |       |       |       |       |       |       |       |     5 ||     5
         Invisible         |       |       |       |       |       |       |       |       |    10 ||    10
 Armour: Leather armour    |    29 |       |       |       |       |       |       |       |       ||    29
         Ring mail         |   163 |    80 |   120 |    49 |       |       |       |       |       ||   412
         Acid dragon scale |       |       |   197 |       |       |       |       |       |       ||   197
         Robe              |       |       |    82 |   174 |   125 |       |       |       |       ||   381
         Skin              |       |       |       |       |   261 |   878 |  1082 |   814 |  1967 ||  5002
         Pearl dragon scal |       |       |       |       |       |       |       |       |  1269 ||  1269
         Fire dragon scale |       |       |       |       |       |       |       |       |   226 ||   226
  Dodge: Dodged            |   130 |    41 |   436 |   359 |   734 |  1694 |  1966 |  1224 |  4468 || 11052
  Block: Other             |       |       |       |    33 |   137 |    65 |       |       |   358 ||   593
         Reflection        |       |       |       |     1 |     4 |     1 |       |       |    12 ||    18
   Form: Statue            |       |       |       |       |     1 |       |     1 |       |    12 ||    14
         Death             |       |       |       |       |       |       |       |       |    14 ||    14

Table legend: (Time is in decaauts)
 A = Elapsed time spent in this place.
 B = Non-inter-level travel time spent in this place.
 C = Inter-level travel time spent in this place.
 D = Time resting spent in this place.
 E = Time spent auto-exploring this place.
 F = Levels seen in this place.
 G = Mean time per level.
                   A        B        C        D        E       F      G
               +--------+--------+--------+--------+--------+-----+--------+
         Total | 127816 | 111780 |  16036 |  24848 |  55169 | 135 |  946.8 |
       Dungeon |  29766 |  23218 |   6548 |   6812 |  12177 |  15 | 1984.4 |
        Temple |    133 |    121 |     12 |     99 |      0 |   1 |  133.0 |
          Lair |   7346 |   6524 |    822 |   1055 |   4172 |   5 | 1469.2 |
        Shoals |   4854 |   4561 |    293 |    151 |   3226 |   4 | 1213.5 |
     Snake Pit |   6685 |   6264 |    421 |    692 |   4303 |   4 | 1671.2 |
    Slime Pits |   3214 |   2791 |    423 |    151 |   1660 |   5 |  642.8 |
  Orcish Mines |   2682 |   2124 |    558 |    135 |   1461 |   2 | 1341.0 |
   Elven Halls |   7578 |   6975 |    603 |   1233 |   4139 |   3 | 2526.0 |
        Vaults |  11027 |   9108 |   1919 |   1362 |   5606 |   5 | 2205.4 |
         Crypt |   4925 |   4163 |    762 |    997 |   2265 |   3 | 1641.7 |
          Tomb |   4243 |   3768 |    475 |    922 |   1434 |   3 | 1414.3 |
        Depths |   8953 |   7504 |   1449 |   1818 |   4127 |   4 | 2238.2 |
          Hell |    795 |    677 |    118 |     43 |    236 |   1 |  795.0 |
           Dis |   6593 |   6321 |    272 |   1816 |   1668 |   7 |  941.9 |
       Gehenna |   2019 |   1898 |    121 |    821 |    228 |   7 |  288.4 |
       Cocytus |   2408 |   2297 |    111 |    742 |    463 |   7 |  344.0 |
      Tartarus |   2433 |   2093 |    340 |    404 |   1116 |   6 |  405.5 |
           Zot |   9378 |   8598 |    780 |   1867 |   4911 |   5 | 1875.6 |
         Abyss |    626 |    626 |      0 |    220 |      0 |   3 |  208.7 |
   Pandemonium |   6161 |   6161 |      0 |   2135 |    466 |  14 |  440.1 |
      Ziggurat |   4238 |   4238 |      0 |    827 |   1085 |  27 |  157.0 |
        Bazaar |    190 |    190 |      0 |      0 |    153 |   1 |  190.0 |
         Trove |     30 |     30 |      0 |      0 |     14 |   1 |   30.0 |
      Ice Cave |    737 |    737 |      0 |    151 |    253 |   1 |  737.0 |
        Wizlab |    790 |    790 |      0 |    386 |      0 |   1 |  790.0 |
               +--------+--------+--------+--------+--------+-----+--------+

Top non-repeatable levels by time:
    D:15: 4392 daAuts
   Dis:7: 4322 daAuts
   Elf:3: 3508 daAuts
Depths:1: 3240 daAuts
    D:11: 3227 daAuts
   Zot:4: 2810 daAuts
Vaults:4: 2779 daAuts
     D:8: 2642 daAuts
  Tomb:1: 2571 daAuts
Depths:2: 2486 daAuts
Vaults:3: 2259 daAuts
 Crypt:1: 2225 daAuts
    D:12: 2209 daAuts
Vaults:1: 2163 daAuts
Vaults:2: 2135 daAuts
